 Dungeon Crawl Stone Soup version 0.22-a0-395-gfed312b (webtiles) character file.

1531343 Ijustatesigmund the Demon Slayer (level 27, -7/174 HPs)
             Began as a Gargoyle Artificer on Apr 26, 2018.
             Was a High Priest of the Shining One.
             Mangled by an Orb Guardian (17 damage)
             ... while paralysed by an ancient lich
             ... on level 5 of the Realm of Zot on May 3, 2018.
             The game lasted 09:09:41 (121335 turns).

Ijustatesigmund the Demon Slayer (GrAr)           Turns: 121335, Time: 09:09:42

Health: -7/174     AC: 50    Str: 15    XL:     27
Magic:  0/54       EV:  2    Int: 25    God:    the Shining One [*****.]
Gold:   12443      SH:  0    Dex: 19    Spells: 14/70 levels left

rFire    + + +     SeeInvis .   M - +9 eveningstar (holy)
rCold    + . .     Gourm    .   E - +8 large shield {rF+}
rNeg     + + +     Faith    .   w - +4 moon troll leather armour {Spirit, Regen++ MP+5}
rPois    ∞         Spirit   +   s - +2 helmet {Int+3}
rElec    +         Reflect  .   d - +1 cloak of Starlight {rElec rC+ EV+4 Stlth--}
rCorr    .         Harm     .   K - +2 pair of gloves of Sin {rF+}
MR       ++...                  k - +2 pair of boots {run}
Stlth    ++........             S - amulet of Vitality {Regen+ HP+15}
HPRegen  1.59/turn              r - ring of Wacie {Int+3 Slay+3}
MPRegen  0.34/turn              e - ring "Moxzeli Wude" {rF+ Int+4}

@: paralysed, slowed, glowing, studying Throwing, quick
A: big wings, hooves 1, large bone plates 1, yellow scales 1, frail 2, negative
energy resistance 1, electricity resistance, weak 1, unbreathing, petrification
resistance, no potion heal 1, rot immunity, subdued magic 2, MP-powered wands,
AC +20
}: 15/15 runes: barnacled, slimy, silver, golden, iron, obsidian, icy, bone,
abyssal, demonic, glowing, magical, fiery, dark, gossamer
a: Fly, Divine Shield, Cleansing Flame, Summon Divine Warrior, Renounce Religion


You were on level 5 of the Realm of Zot.
You worshipped the Shining One.
The Shining One was extremely pleased with you.
You were not hungry.

You visited 18 branches of the dungeon, and saw 90 of its levels.
You visited Pandemonium 1 time, and saw 17 of its levels.
You visited the Abyss 8 times.
You visited 2 ziggurats (completing 1), and saw 45 of their levels.
You also visited: Ossuary and Bailey.

You collected 16860 gold pieces.
You spent 4417 gold pieces at shops.

Inventory:

Hand Weapons
 M - a +9 eveningstar of holy wrath (weapon)
Missiles
 m - 14 javelins of penetration (quivered)
 R - 51 silver javelins
Armour
 b - the +6 gold dragon scales "Qellafa" {rPois rF+ rC+ Int+8}
   (You found it on level 2 of the Spider Nest)

   It affects your intelligence (+8).
   It protects you from fire.
   It protects you from cold.
   It protects you from poison.
 d - the +1 cloak of Starlight (worn) {rElec rC+ EV+4 Stlth--}
   (You bought it in a shop on level 2 of the Elven Halls)

   It affects your evasion (+4).
   It protects you from cold.
   It insulates you from electricity.
   It makes you much less stealthy.
 k - a +2 pair of boots of running (worn)
 s - a +2 helmet of intelligence (worn)
 w - the +4 moon troll leather armour (worn) {Spirit, Regen++ MP+5}
   (You found it on level 16 of a ziggurat)

   It affects your magic capacity (+5).
   It increases your rate of regeneration.
 E - a +8 large shield of fire resistance (worn)
 K - the +2 pair of gloves of Sin (worn) {rF+}
   (You acquired it on level 10 of a ziggurat)

   It protects you from fire.
Jewellery
 a - the amulet of the Four Winds {rN+ MR+++ Clar}
   (You found it on level 26 of a ziggurat)

   [amulet of nothing]

   It protects you from negative energy.
   It affects your resistance to hostile enchantments.
   It protects you against confusion.
 e - the ring "Moxzeli Wude" (right hand) {rF+ Int+4}
   (You found it on level 18 of a ziggurat)

   [ring of protection from fire]

   It affects your intelligence (+4).
   It protects you from fire.
 g - the ring of Jiupseomp {rPois MR+ Str+3 Int+7 Dex-3}
   (You found it on level 5 of the Vaults)

   [ring of poison resistance]

   It affects your strength (+3).
   It affects your intelligence (+7).
   It affects your dexterity (-3).
   It protects you from poison.
   It affects your resistance to hostile enchantments.
 p - an uncursed ring of resist corrosion
 r - the ring of Wacie (left hand) {Int+3 Slay+3}
   (You found it on level 1 of the Crypt)

   [ring of intelligence]

   It affects your intelligence (+3).
   It affects your accuracy and damage with ranged weapons and melee attacks
   (+3).
 t - a ring of Weompom {Wiz Str+4 Dex+2}
   (You found it on level 9 of a ziggurat)

   [ring of wizardry]

   It improves your spell success rate.
   It affects your strength (+4).
   It affects your dexterity (+2).
 Q - the ring "Qeschuizo" {rC++ Stlth+}
   (You found it on level 5 of the Vaults)

   [ring of stealth]

   It greatly protects you from cold.
   It makes you more stealthy.
 S - the amulet of Vitality (around neck) {Regen+ HP+15}
   (You found it on level 5 of the Lair of Beasts)

   [amulet of regeneration]

   It affects your health (+15).
   It increases your rate of regeneration.
 W - a +3 ring of slaying
Wands
 n - a wand of disintegration (6)
 v - a wand of acid (85)
 H - a wand of digging (51)
 N - a wand of paralysis (11)
 O - a wand of scattershot (6)
 V - a wand of iceblast (37)
Scrolls
 i - 3 scrolls of enchant weapon
 o - 3 scrolls of holy word
 u - 41 scrolls of teleportation
 x - 13 scrolls of fear
 y - 7 scrolls of silence
 A - 8 scrolls of magic mapping
 B - 14 scrolls of fog
 C - 21 scrolls of amnesia
 G - 50 scrolls of remove curse
 P - 27 scrolls of identify
 T - 11 scrolls of blinking
 Z - 2 scrolls of summoning
Potions
 h - 5 potions of cancellation
 j - 6 potions of might
 l - 10 potions of mutation
 q - 38 potions of curing
 z - 4 potions of berserk rage
 D - 7 potions of agility
 F - a potion of magic
 I - 12 potions of heal wounds
 J - 7 potions of brilliance
 U - 3 potions of resistance
Books
 L - a manual of Throwing
Miscellaneous
 c - 8 phantom mirrors
 X - a +1 figurine of a ziggurat
Comestibles
 f - 50 rations


   Skills:
 O Level 27 Fighting
   Level 0.8 Short Blades
 - Level 22.3 Maces & Flails
   Level 9.1 Crossbows
 - Level 12.5 Throwing
 + Level 24.3 Armour
 + Level 21.4 Dodging
 - Level 19.6 Stealth
 O Level 27 Shields
 - Level 22.3 Spellcasting
 - Level 19.1 Conjurations
 - Level 20.4 Hexes
 - Level 11.8 Charms
 - Level 19.0 Summonings
 - Level 22.9 Translocations
   Level 4.8 Fire Magic
 - Level 10.9 Air Magic
 - Level 16.3 Earth Magic
 O Level 27 Invocations
 - Level 4.2 Evocations


You had 14 spell levels left.
You knew the following spells:

 Your Spells              Type           Power        Failure   Level  Hunger
a - Blink                 Tloc           N/A          0%          2    None
b - Apportation           Tloc           ######       0%          1    None
c - Lesser Beckoning      Tloc           ######....   0%          3    None
d - Swiftness             Chrm/Air       ######..     0%          2    None
e - Song of Slaying       Chrm           ######..     0%          2    None
f - Summon Butterflies    Summ           ######..     0%          1    None
g - Spellforged Servitor  Conj/Summ      ######....   1%          7    ####...
h - Lehudib's Crystal Sp  Conj/Erth      ######....   4%          8    #####..
i - Deflect Missiles      Chrm/Air       ######....   1%          6    None
j - Portal Projectile     Hex/Tloc       ######       0%          3    None
k - Controlled Blink      Tloc           N/A          1%          8    #####..
l - Irradiate             Conj/Tmut      #####.....   1%          5    None
m - Discord               Hex            ######....   1%          8    #####..


Dungeon Overview and Level Annotations

Branches:
Dungeon (15/15)            Temple (1/1) D:6            Lair (6/6) D:11
 Shoals (4/4) Lair:4       Spider (4/4) Lair:2        Slime (5/5) Lair:5
    Orc (2/2) D:12            Elf (3/3) Orc:2        Vaults (5/5) D:13
  Crypt (3/3) Vaults:3       Tomb (3/3) Crypt:3      Depths (5/5) D:15
   Hell (1/1)                 Dis (7/7) Hell            Geh (7/7) Hell
    Coc (7/7) Hell            Tar (7/7) Hell            Zot (5/5) Depths:5

Altars:
Ashenzari
Cheibriados
Dithmenos
Elyvilon
Fedhas
Gozag
Hepliaklqana
Kikubaaqudgha
Makhleb
Nemelex Xobeh
Okawaru
Qazlal
Ru
Sif Muna
Trog
Uskayaw
Vehumet
Wu Jian
Xom
Yredelemnul
Zin
The Shining One
Lugonu

Shops:
D:4 [!*   D:13 [   D:15 *   Orc:2 (((%   Elf:2 [(:*   Shoals:2 %   Shoals:4 %
Vaults:2 ![   Vaults:3 %:(   Vaults:4 =   Vaults:5 :   Depths:1 *

Portals:
Hell: Depths:1 Depths:2 Depths:3 Depths:4 Depths:5
Abyss: Depths:2 Depths:4
Pandemonium: Depths:3
Trove: Vaults:1 (give ice dragon scales "Nucsuses")

Annotations:
Lair:3 exclusion: 4 oklob plants


Innate Abilities, Weirdness & Mutations

You are resistant to torment.
Your stone body is resilient. (AC +20)
You are immune to poison.
Your large and strong wings let you fly indefinitely.
You resist negative energy. (rN+)
You are resistant to electric shocks. (rElec)
You can survive without breathing.
You are immune to petrification.
You are immune to rotting.
You have large cloven feet.
You are partially covered in large bone plates. (SH +4)
You are partially covered in yellow scales. (AC +2)
You are very frail. (-20% HP)
You are weak. (Str -2)
Potions are less effective at restoring your health.
Your spells are easier to cast, but less powerful.
You expend magic power (3 MP) to strengthen your wands.


Message History

The crystal spear hits you!
* * * LOW HITPOINT WARNING * * *
The ancient lich touches you but does no damage.
The Orb Guardian hits you but does no damage.
The ancient lich points at you and mumbles some strange words.
You feel yourself slow down.
The Orb Guardian hits you but does no damage.
The ancient lich touches you but does no damage.
The Killer Klown blinks!
A yellow draconian and a draconian annihilator come into view.
The Orb Guardian hits you!!
* * * LOW HITPOINT WARNING * * *
The Orb Guardian hits you but does no damage.
The ancient lich touches you but does no damage.
The Orb Guardian hits you but does no damage.
The yellow draconian annihilator casts a spell.
The yellow draconian annihilator blinks!
The ancient lich touches you but does no damage. x2
The Orb Guardian hits you!!
You die...

,,,,,,,,,,,,,,,** **,,,
,,,,,,,,,,,,,*** ***,
,,,,,,,,,,**** ** 8*********▓▓▓▓*
*** ,,,,,,,,,,,.(.##* ***,,
,,,,,,,,,,**..yX## **,,,,
,,,,,,,,,,,**#XDX##########*,,,**
,,,,,,,,,,,,**#XLLXd...§....,,***
,,,,,,,,,,,,* *#@XXXdX......(#* *
,,,,,,,,,,,,* #L*1..........# *
,,,,,,,,,,,,* ##Dy...d.....#* *
,,,,,,,,,,,,* #.p.........# *
,,,,,,,,,,,,* ##...§.......## *
,,,,,,,,,,,** #....^........# *
,,,,,,,,,,** ##......)......##
,,,,,,,,,** #...p..[)).[....#
##******** ########.########


You could see an orb of fire, 2 Killer Klowns, a shadow dragon (berserk), a
tentacled monstrosity, 3 ancient liches, a storm dragon (berserk), 2 draconians,
a white draconian, 8 Orb Guardians, an Executioner and 2 moths of wrath.

Vanquished Creatures
  Cerebov (Pan)
  The ghost of iamserjio the Archmage, a legendary DsFE of Vehumet (Zig:17)
  the Royal Jelly (Slime:5)
  Gloorx Vloq (Pan)
  Lom Lobon (Pan)
  Mnoleg (Pan)
  the Serpent of Hell (Tar:7)
  2 orbs of fire (Zot:5)
  2 juggernauts (Zig:14)
  Mara (Crypt:2)
  13 ancient liches
  19 greater mummies
  The ghost of 4thArraOfDagon the Cloud Mage, a legendary TeAK of Lugonu (Zot:2)
  Boris (Tomb:2)
  9 pandemonium lords
  Frederick (Vaults:2)
  19 shard shrikes
  Saint Roka (Crypt:3)
  3 Killer Klowns (Zig:18)
  3 caustic shrikes
  17 golden dragons
  Geryon (Hell)
  A profane servitor (Abyss:3)
  21 bone dragons
  19 doom hounds
  50 Tzitzimimeh
  43 Brimstone Fiends
  Jory (Depths:3)
  8 iron giants
  12 hellephants
  An electric golem (Zot:4)
  24 Ice Fiends
  Rupert (Orc:2)
  20 tentacled monstrosities
  13 Hell Sentinels
  3 deep elf blademasters
  12 Orb Guardians (Zot:5)
  27 liches
  10 quicksilver dragons
  Asterion (Vaults:2)
  12 deep elf master archers
  10 titans
  25 acid blobs
  Murray (Hell)
  18 Executioners
  Gastronok (Lair:2)
  A kraken (Shoals:4)
  16 tentacled starspawn
  12 sphinxes
  2 sphinxes (shapeshifter) (Zig:18)
  Polyphemus (Shoals:2)
  8 death cobs
  7 storm dragons
  Kirke (D:11)
  3 thorn hunters
  33 shadow dragons
  9 eldritch tentacles
  11 ancient champions
  11 tengu reavers
  42 nagarajas
  20 draconian monks
  25 fire giants
  4 revenants
  Ilsuiw (Shoals:4)
  12 azure jellies
  10 frost giants
  A frost giant (shapeshifter) (Zig:18)
  7 deep elf sorcerers
  2 orc warlords
  3 warmongers (Pan)
  Aizul (Shoals:4)
  15 ghost moths
  17 iron dragons
  12 draconian scorchers
  17 vault wardens
  15 draconian knights
  47 balrugs
  9 deep elf elementalists
  Louise (Shoals:3)
  3 ghouls
  26 cacodemons
  5 curse skulls
  10 emperor scorpions
  A caustic shrike zombie (Zig:7)
  16 draconian shifters
  6 draconian stormcallers
  11 draconian annihilators
  An angel (Abyss:3)
  36 very ugly things
  123 reapers
  A spriggan defender (Depths:3)
  A caustic shrike skeleton (Zig:10)
  17 ironheart preservers
  27 war gargoyles
  28 stone giants
  5 elemental wellsprings
  9 blood saints
  7 entropy weavers
  17 vampire knights
  4 bennus
  A corrupter (Pan)
  10 green draconians
  6 deep elf demonologists
  11 dire elephants
  10 black draconians
  4 lorocyprocas
  11 white draconians
  13 red draconians
  4 black suns
  3 spark wasps
  A dire elephant (shapeshifter) (Zig:18)
  13 purple draconians
  17 yellow draconians
  12 deep elf annihilators
  The ghost of Uberwunderbarhen the Grappler, a journeyman TrMo of Cheibriados (Orc:2)
  10 deep elf death magi
  The ghost of iamserjio the Nimble, a journeyman KoHu of Okawaru (Lair:5)
  4 eidola
  15 merfolk javelineers
  26 ettins
  22 green deaths
  10 jiangshi
  22 blizzard demons
  Josephine (Orc:2)
  20 great orbs of eyes
  21 fire dragons
  17 merfolk impalers
  41 mummy priests
  28 yaktaur captains
  6 death oozes (Slime:5)
  12 quicksilver dragon zombies
  8 ogre magi
  9 deep elf high priests
  23 hydras
  Erolcha (Orc:2)
  Harold (Lair:1)
  9 rakshasas
  9 quicksilver dragon skeletons
  2 kraken zombies
  28 vault guards
  7 anacondas
  4 alligator snapping turtles
  18 merfolk aquamancers
  3 monstrous demonspawn (Pan)
  5 spriggan air magi
  3 ghost crabs
  7 naga warriors
  34 ice dragons
  3 hell beasts (Pan)
  15 centaur warriors
  3 merfolk avatars
  4 death knights
  An anaconda (shapeshifter) (Abyss:3)
  39 death scarabs
  4 catoblepae
  4 satyrs
  A queen ant (shapeshifter) (Vaults:5)
  16 two-headed ogres
  9 deep troll shamans
  6 deep troll earth magi
  4 death yaks
  A tengu warrior (Depths:2)
  An alligator (Zig:12)
  52 hell hogs
  25 naga sharpshooters
  8 orc high priests
  Urug (Lair:3)
  17 titan zombies
  29 dancing weapons
  A shock serpent (shapeshifter) (Zig:6)
  5 spriggan berserkers
  14 vampire magi
  23 thrashing horrors
  33 soul eaters
  Nergalle (Lair:1)
  Sonja (D:12)
  60 sun demons
  24 deep elf knights
  12 shock serpents
  10 storm dragon zombies
  A fire crab (shapeshifter) (Vaults:5)
  25 sixfirhies
  13 wretched stars
  8 iron golems
  27 iron trolls
  31 shadow wraiths
  11 storm dragon skeletons
  The ghost of Demitroll the Slicer, a novice BaCK of Xom (D:9)
  14 golden dragon zombies
  100 hell knights
  A glowing orange brain (shapeshifter) (Zig:4)
  An iron troll (shapeshifter) (Zig:18)
  10 titan skeletons
  6 spriggan druids
  A deep troll (shapeshifter) (Depths:4)
  5 spatial maelstroms
  6 salamander mystics
  206 skeletal warriors
  17 sea snakes
  An unseen horror (shapeshifter) (Vaults:4)
  61 starcursed masses
  7 ghost moth zombies
  7 unseen horrors
  5 gelid demonspawn (Pan)
  20 deep trolls
  6 glowing orange brains
  5 infernal demonspawn (Pan)
  4 swamp dragons
  A torturous demonspawn (Depths:3)
  33 flayed ghosts
  19 anaconda zombies
  3 death drakes
  30 shadow demons
  5 naga ritualists
  8 shambling mangroves
  9 harpies
  4 golden dragon skeletons
  6 shadow dragon zombies
  11 deep elf archers
  40 necromancers
  19 orc knights
  13 ironbrand convokers
  28 phantasmal warriors
  7 wolf spider zombies
  11 anaconda skeletons
  57 deep elf magi
  A mana viper (shapeshifter) (Zig:11)
  7 wizards
  14 stone giant zombies
  20 orb spiders
  9 mana vipers
  49 ugly things
  7 frost giant zombies
  13 orc sorcerers
  A sphinx zombie (Vaults:1)
  8 worldbinders
  3 salamanders
  8 iron dragon zombies
  An orb spider (shapeshifter) (Vaults:4)
  15 fire giant zombies
  A salamander (shapeshifter) (Abyss:3)
  A draconian (Abyss:3)
  5 oklob plants (Zig:14)
  10 shadow dragon skeletons
  29 wolf spiders
  10 cyclopes
  7 shining eyes
  134 slime creatures
  12 fauns
  A sphinx skeleton (Zig:10)
  26 moths of wrath
  13 fire giant skeletons
  7 manticores
  2 shining eyes (shapeshifter)
  An ice statue (Zig:3)
  13 frost giant skeletons
  12 elephants (Lair:6)
  16 guardian serpents
  A black mamba (shapeshifter) (Abyss:2)
  A water nymph (shapeshifter) (Depths:2)
  16 merfolk sirens
  38 black mambas
  19 stone giant skeletons
  4 guardian serpents (shapeshifter)
  35 orange demons
  3 eyes of devastation
  7 apocalypse crabs
  86 rust devils
  A torpor snail (shapeshifter) (Abyss:3)
  4 iron dragon skeletons
  13 vault sentinels
  3 molten gargoyles
  10 torpor snails
  32 smoke demons
  5 shock serpent zombies
  9 water nymphs
  8 dire elephant zombies
  6 gargoyles
  14 naga magi
  4 shock serpent skeletons
  A storm dragon simulacrum (Coc:7)
  7 dire elephant skeletons
  21 spiny frogs
  A white draconian zombie (Crypt:2)
  A green draconian zombie (Geh:2)
  17 komodo dragons
  55 yaktaurs
  11 emperor scorpion zombies
  3 kobold demonologists
  4 human zombies
  50 freezing wraiths
  8 rime drakes
  5 catoblepas zombies
  2 minotaur zombies
  A yellow draconian zombie (Tar:2)
  53 hellions
  46 ice devils
  A minotaur skeleton (Crypt:3)
  70 tormentors
  4 anaconda simulacra
  An alligator snapping turtle skeleton (Crypt:2)
  14 efreet
  14 hellwings
  78 red devils
  A white draconian skeleton (Crypt:2)
  39 jumping spiders
  16 ancient zymes
  6 silent spectres
  A polar bear (shapeshifter) (D:15)
  14 trolls
  7 harpy zombies
  74 guardian mummies
  28 demonic crawlers
  3 human skeletons
  A queen bee (shapeshifter) (Vaults:4)
  4 jumping spiders (shapeshifter)
  6 polar bears
  24 hydra zombies
  3 meliai (Spider:1)
  A wind drake (shapeshifter) (Vaults:1)
  4 tengu conjurers
  A catoblepas skeleton (Geh:3)
  2 wandering mushrooms (Zig:14)
  Prince Ribbit (Lair:1)
  48 merfolk
  A shadow dragon simulacrum (Vaults:3)
  17 tyrant leeches
  A queen bee (Spider:1)
  5 harpy skeletons
  A wolf spider simulacrum (Tomb:3)
  33 hornets
  25 blink frogs
  18 hippogriffs
  A hippogriff (shapeshifter) (Zig:16)
  2 bog bodies
  A blink frog (shapeshifter) (Abyss:3)
  8 wind drakes
  12 hydra skeletons
  10 ice dragon zombies
  A frost giant simulacrum (Vaults:4)
  14 snapping turtles
  13 raiju
  18 alligator zombies
  10 fire dragon zombies
  9 dream sheep
  35 tarantellas
  4 black mamba zombies
  18 ettin zombies
  8 air elementals
  3 alligator skeletons
  76 redbacks
  50 water elementals
  12 fire dragon skeletons
  178 flying skulls
  36 spriggans
  4 vampires
  8 ettin skeletons
  21 ynoxinuls
  17 ushabtiu
  3 dire elephant simulacra
  A wind drake zombie (Crypt:1)
  A spriggan (shapeshifter) (Zig:18)
  A hog (D:12)
  9 ice dragon skeletons
  72 wraiths
  62 shadows
  63 yaks
  10 wyverns
  A human (shapeshifter) (Depths:2)
  2 basilisks
  6 fire bats (Geh:4)
  47 fire elementals
  A yak (shapeshifter) (Zig:9)
  31 neqoxecs
  5 black mamba skeletons
  10 hungry ghosts
  3 vampire mosquitoes (D:15)
  A steam dragon (shapeshifter) (Zig:16)
  2 tyrant leech zombies (Crypt:1)
  A wind drake skeleton (Crypt:2)
  5 golden eyes
  A steam dragon (D:11)
  3 elf skeletons
  20 chaos spawn
  32 small abominations
  59 large abominations
  3 swamp worms (Spider:2)
  3 soldier ants
  10 wargs
  A soldier ant (shapeshifter) (Vaults:2)
  A harpy simulacrum (Tar:5)
  8 nagas
  4 insubstantial wisps
  An acid dragon (D:15)
  5 spatial vortices
  2 hydra simulacra
  17 water moccasins
  A gelid demonspawn skeleton (Tar:1)
  136 hell hounds
  A porcupine (shapeshifter) (Elf:3)
  19 ice beasts
  2 merfolk zombies
  24 spiny frog zombies
  A floating eye (shapeshifter) (Zig:18)
  2 floating eyes
  3 merfolk skeletons
  3 swamp drakes (Zig:12)
  7 porcupines
  4 black bears
  2 swamp dragon zombies
  9 spiny frog skeletons
  10 eyes of draining
  56 orc warriors
  2 sky beasts (D:7)
  15 snapping turtle zombies
  An alligator simulacrum (Coc:4)
  14 boggarts
  A fire dragon simulacrum (Tar:2)
  2 manticore zombies
  A blink frog zombie (Crypt:2)
  A hornet zombie (D:14)
  2 ettin simulacra
  46 necrophages
  2 black mamba simulacra
  24 wolves
  19 ogres
  An ogre (shapeshifter) (Depths:4)
  8 snapping turtle skeletons
  12 phantoms
  20 centaurs
  3 manticore skeletons
  19 crocodiles
  3 swamp dragon skeletons
  6 elf zombies
  2 big kobolds
  20 bullfrogs
  Blork the orc (D:4)
  2 gnoll sergeants
  7 earth elementals
  3 spiny frog simulacra
  A wyvern skeleton (D:11)
  8 worker ants
  11 killer bees (Spider:1)
  3 troll zombies
  2 spriggan zombies
  3 elf simulacra
  2 scorpions
  5 spriggan skeletons
  A swamp dragon simulacrum (Coc:1)
  170 wights
  6 howler monkeys
  2 electric eels (Spider:1)
  15 crimson imps
  3 centaur zombies
  7 quasits
  68 iron imps
  A basilisk zombie (Crypt:1)
  A hound (D:4)
  16 jellies
  23 orc wizards
  5 centaur skeletons
  22 orc priests
  2 gnoll shamans
  An iguana (D:10)
  5 hell rats (Hell)
  4 bullfrog skeletons
  Terence (D:3)
  A lightning spire (Zig:13)
  A dwarf zombie (Crypt:1)
  An ogre zombie (Geh:7)
  A naga zombie (Crypt:2)
  A tengu zombie (Tar:3)
  3 ogre skeletons
  A tengu skeleton (Tomb:1)
  2 naga skeletons
  A demigod skeleton (Crypt:1)
  82 mummies
  A worker ant zombie (D:5)
  18 gnolls
  A howler monkey skeleton (D:8)
  9 adders
  23 shadow imps
  A swamp drake skeleton (Crypt:2)
  34 white imps
  An ooze (Lair:5)
  An adder skeleton (Crypt:1)
  2 adder zombies (Ossuary)
  A halfling skeleton (Crypt:2)
  2 worms (D:2)
  A ball lightning (Pan)
  2 dart slugs
  3 leopard geckos
  107 orcs
  6 giant cockroaches
  10 goblins
  7 hobgoblins
  15 jackals
  6 quokkas
  A ball python (D:2)
  8 bats
  5 frilled lizards
  A gnoll zombie (Ossuary)
  2 goblin skeletons (D:8)
  2 goblin zombies (Ossuary)
  7 hobgoblin zombies
  17 kobolds
  A kobold skeleton (D:8)
  5 kobold zombies
  A leopard gecko skeleton (D:7)
  An orc simulacrum (Crypt:1)
  3 orc skeletons (D:8)
  3 orc zombies
  A quokka skeleton (D:9)
  3 quokka zombies (Ossuary)
  6 rats
  4 rat zombies (Ossuary)
  2 blocks of ice (Zig:17)
  2 briar patches (Zig:21)
  9 crawling corpses
  5 fire vortices
  4 fungi (Elf:3)
  A plant (Depths:2)
  11 starspawn tentacles
  5 tentacles
7103 creatures vanquished.

Vanquished Creatures (collateral kills)
  Antaeus (Coc:7)
  Asmodeus (Geh:7)
  Ereshkigal (Tar:7)
  Dispater (Dis:7)
  A greater mummy (Tomb:3)
  Bai Suzhen (Spider:4)
  3 shard shrikes
  A Killer Klown (Zig:18)
  2 golden dragons (Zig:25)
  A profane servitor (Abyss:4)
  2 Brimstone Fiends
  A doom hound (Tar:7)
  A lich (Tomb:2)
  A Hell Sentinel (Dis:7)
  2 Ice Fiends (Coc:7)
  4 tentacled monstrosities (Zig:25)
  2 Orb Guardians (Zot:5)
  3 deep elf master archers (Zig:24)
  2 acid blobs
  4 Executioners (Pan)
  2 ancient champions
  A death cob (Zot:3)
  A tentacled starspawn (Abyss:4)
  A revenant (Tomb:2)
  2 draconian monks
  3 tengu reavers (Zig:26)
  2 nagarajas (Zig:26)
  2 azure jellies (Slime:5)
  2 draconian knights
  3 deep elf sorcerers (Zig:26)
  3 draconian stormcallers
  A juggernaut zombie (Zig:15)
  2 draconian scorchers
  3 emperor scorpions
  8 stone giants
  A caustic shrike skeleton (Zig:15)
  2 reapers
  7 draconian annihilators
  A blood saint (Pan)
  3 draconian shifters
  13 very ugly things (Zot:1)
  4 bennus
  A dire elephant (Zig:17)
  5 green draconians
  8 white draconians
  4 red draconians (Zot:1)
  A spark wasp (Spider:4)
  11 merfolk javelineers
  A black draconian (Zot:4)
  4 deep elf annihilators (Zig:26)
  A deep elf death mage (Elf:3)
  5 yellow draconians
  4 mummy priests
  6 merfolk impalers (Zig:27)
  A kraken zombie (Coc:7)
  8 green deaths (Zig:25)
  2 ogre magi (Zig:26)
  3 yaktaur captains (Zig:24)
  An ice dragon (Coc:6)
  5 hydras
  A spriggan air mage (Zig:26)
  2 merfolk avatars (Zig:27)
  5 centaur warriors (Zig:24)
  6 merfolk aquamancers
  6 death scarabs
  11 satyrs
  3 hell hogs (Geh:7)
  An alligator (Zig:12)
  8 naga sharpshooters
  A soul eater (Pan)
  A shock serpent (Zig:14)
  A wretched star (Abyss:4)
  2 hell knights (Geh:7)
  4 sea snakes (Zig:27)
  4 shadow wraiths
  A spriggan druid (Zig:12)
  A skeletal warrior (Tomb:3)
  5 sixfirhies
  2 shadow demons (Tar:7)
  5 death drakes (Zig:25)
  2 shambling mangroves
  A shadow dragon zombie (Geh:7)
  4 wizards
  4 swamp dragons (Zig:25)
  7 harpies (Zig:27)
  2 necromancers (Zig:26)
  2 golden dragon skeletons
  4 large abominations
  An orc sorcerer (Zig:26)
  An eye of devastation (Zig:26)
  3 wolf spiders (Spider:4)
  7 manticores (Zig:27)
  A tengu skeleton (Zig:15)
  2 moths of wrath (Zot:3)
  A salamander (Zig:13)
  A fire giant zombie (Geh:7)
  7 cyclopes
  5 fauns (Zig:24)
  5 black mambas
  3 naga magi
  3 guardian serpents
  3 merfolk sirens (Zig:27)
  An apocalypse crab (Zig:18)
  4 water nymphs (Zig:27)
  3 smoke demons
  A spiny frog (Zig:25)
  A catoblepas zombie (Tar:7)
  A hellion (Geh:7)
  An ice devil (Coc:7)
  7 yaktaurs (Zig:24)
  A komodo dragon (Zig:17)
  4 hellwings
  3 freezing wraiths
  8 guardian mummies
  A tormentor (Coc:7)
  A red devil (Zig:7)
  2 demonic crawlers
  2 jumping spiders
  10 hornets
  4 wind drakes (Zig:27)
  A tyrant leech (Zig:25)
  A bog body (Zig:25)
  21 merfolk (Zig:27)
  A hydra skeleton (Coc:7)
  A raiju (Abyss:4)
  2 blink frogs (Zig:19)
  8 snapping turtles (Zig:27)
  2 slime creatures (Slime:5)
  3 flying skulls
  An air elemental (Abyss:4)
  5 redbacks
  An ettin skeleton (Coc:6)
  A vampire (Abyss:4)
  7 water elementals
  An ushabti (Zig:10)
  An ice dragon skeleton (Coc:7)
  2 tarantellas
  A black mamba zombie (Coc:3)
  A yak (Zig:19)
  2 neqoxecs
  A naga (Zig:13)
  A hydra simulacrum (Coc:7)
  A hell hound (Geh:7)
  A water moccasin (Zig:19)
  A spiny frog zombie (Coc:6)
  2 swamp drakes (Zig:12)
  An eye of draining (Slime:5)
  A snapping turtle zombie (Coc:7)
  5 centaurs
  An electric eel (Spider:4)
  An orc priest (D:12)
  3 mummies
  A ball lightning (Pan)
  5 orcs
  A fire vortex (Pan)
  2 starspawn tentacles (Abyss:4)
  A tentacle (Coc:7)
459 creatures vanquished.

Vanquished Creatures (others)
  A tentacled monstrosity (Zig:25)
  A deep elf master archer (Zig:16)
  4 eldritch tentacles
  A tentacled starspawn (Abyss:3)
  A tengu reaver (Zig:26)
  A thorn hunter (Zig:12)
  A nagaraja (Zig:13)
  2 fire giants
  A deep elf sorcerer (Zig:26)
  A vault warden (Vaults:4)
  A draconian annihilator (Zig:23)
  A blood saint (Zig:26)
  A reaper (Pan)
  A stone giant (Zig:24)
  A very ugly thing (Zot:1)
  An elemental wellspring (Coc:6)
  3 green draconians
  3 deep elf annihilators
  6 merfolk javelineers
  2 merfolk impalers (Zig:27)
  2 green deaths (Pan)
  2 yaktaur captains
  A rakshasa (Pan)
  A spriggan air mage (Depths:2)
  3 centaur warriors
  3 hydras
  2 satyrs
  2 merfolk aquamancers (Zig:27)
  4 hell hogs
  An alligator (Zig:12)
  2 salamander mystics (Zig:26)
  9 death scarabs (Tomb:2)
  A naga sharpshooter (Zig:24)
  A sun demon (Pan)
  A shock serpent (Zig:5)
  5 death drakes (Zig:25)
  A spiny frog (Zig:25)
  3 wizards
  A shadow demon (Tar:7)
  5 swamp dragons
  3 sea snakes (Zig:27)
  An infernal demonspawn (Pan)
  A shambling mangrove (Zig:25)
  2 necromancers (Zig:26)
  3 harpies (Zig:27)
  An orb spider (Spider:4)
  3 manticores
  2 fauns
  A deep elf mage (Zig:9)
  An orc sorcerer (Zig:26)
  A large abomination (Pan)
  2 moths of wrath (Zot:5)
  A black mamba (Zig:13)
  4 cyclopes
  A guardian serpent (Zig:14)
  A naga mage (Zig:20)
  An eye of devastation (shapeshifter) (Zig:18)
  An orange demon (Zot:1)
  A freezing wraith (Coc:5)
  A komodo dragon (Zig:17)
  5 yaktaurs
  A tengu conjurer (Depths:4)
  A tormentor (Coc:7)
  9 merfolk (Zig:27)
  2 tyrant leeches
  5 hornets
  An ice dragon zombie (Dis:3)
  An ettin zombie (Geh:2)
  2 blink frogs
  2 snapping turtles (Zig:27)
  17 flying skulls
  A spriggan (Zig:12)
  A shadow (Geh:3)
  A fire elemental (Geh:3)
  A redback (Zig:22)
  A ynoxinul (Pan)
  4 humans (D:12)
  A warg (Vaults:4)
  4 hell hounds
  2 orc warriors
  3 centaurs
  A wolf (Lair:2)
  An ogre (Vaults:4)
  9 wights
  An iron imp (Dis:7)
  An orc wizard (Orc:2)
  A tengu zombie (Geh:4)
  A shadow imp (Tar:2)
  11 ball lightnings (Pan)
  8 orcs
  A kobold (D:13)
  A frilled lizard (D:3)
  2 blocks of ice (Pan)
  2 fire vortices (Pan)
  9 fungi
  5 lurking horrors
  43 plants
  39 starspawn tentacles
  11 tentacles
  6 withered plants (Crypt:3)
334 creatures vanquished.

Grand Total: 7896 creatures vanquished

Notes
Turn   | Place    | Note
-------+----------+-------------------------------------------
     0 | D:1      | Ijustatesigmund the Gargoyle Artificer began the quest for the Orb.
     0 | D:1      | Reached XP level 1. HP: 12/12 MP: 2/2
   136 | D:1      | Reached XP level 2. HP: 14/17 MP: 4/4
   430 | D:1      | Reached skill level 1 in Maces & Flails
   644 | D:2      | Reached XP level 3. HP: 15/22 MP: 5/5
  1990 | D:2      | Reached XP level 4. HP: 22/28 MP: 6/6
  2961 | D:3      | Noticed Terence
  2979 | D:3      | Killed Terence
  2979 | D:3      | Reached XP level 5. HP: 23/32 MP: 7/7
  3787 | D:4      | Found Olyomel's Armour Shop.
  3790 | D:4      | Noticed Blork the orc
  4033 | D:4      | Found Liump's Assorted Antiques.
  4038 | D:4      | Bought a lumpy cyan potion for 22 gold pieces
  4038 | D:4      | Bought a scroll labeled REPESI LIVATUPLORCH for 25 gold pieces
  4038 | D:4      | Bought a thick silver amulet for 125 gold pieces
  4038 | D:4      | Bought a bubbling white potion for 22 gold pieces
  4149 | D:4      | Noticed an ogre
  4179 | D:4      | Killed an ogre
  4179 | D:4      | Reached XP level 6. HP: 13/38 MP: 8/8
  4348 | D:4      | Found a shimmering altar of Xom.
  4415 | D:4      | Found Hidghewa's Distillery.
  4424 | D:4      | Gained mutation: You are robust. (+10% HP) [potion of mutation]
  4424 | D:4      | Gained mutation: Your muscles are strong. (Str +2) [potion of mutation]
  4431 | D:4      | Reached skill level 5 in Maces & Flails
  4481 | D:4      | Reached XP level 7. HP: 48/48 MP: 9/9
  4505 | D:4      | Reached skill level 5 in Fighting
  4537 | D:4      | Killed Blork the orc
  4977 | D:5      | Entered Level 5 of the Dungeon
  5634 | D:6      | Reached XP level 8. HP: 48/57 MP: 10/10
  5779 | D:6      | Noticed a hippogriff
  5797 | D:6      | Killed a hippogriff
  6081 | D:6      | Found a staircase to the Ecumenical Temple.
  6092 | Temple   | Entered the Ecumenical Temple
  6245 | Temple   | Became a worshipper of the Shining One
  6485 | D:7      | Reached skill level 1 in Invocations
  6537 | D:7      | Reached XP level 9. HP: 64/64 MP: 11/11
  7192 | D:8      | Found a snail-covered altar of Cheibriados.
  7249 | D:8      | Reached * piety under the Shining One
  7500 | D:8      | Found a sand-covered staircase.
  7505 | Ossuary  | Entered an ossuary
  7555 | Ossuary  | Reached ** piety under the Shining One
  7690 | D:8      | Found a glowing golden altar of the Shining One.
  7692 | D:8      | Reached *** piety under the Shining One
  7996 | D:9      | Found a sparkling altar of Nemelex Xobeh.
  8002 | D:9      | Found a shadowy altar of Dithmenos.
  8039 | D:9      | Reached skill level 5 in Invocations
  8145 | D:9      | Reached XP level 10. HP: 44/72 MP: 14/14
  8463 | D:9      | Noticed Demitroll's ghost (novice BaCK)
  8504 | D:9      | Killed Demitroll's ghost
  8504 | D:9      | Reached skill level 10 in Fighting
  8508 | D:9      | Reached skill level 10 in Maces & Flails
  8515 | D:9      | Noticed a two-headed ogre
  8531 | D:9      | Killed a two-headed ogre
  8802 | D:10     | Entered Level 10 of the Dungeon
  8880 | D:10     | Reached XP level 11. HP: 60/81 MP: 13/16
  9137 | D:10     | Reached **** piety under the Shining One
  9300 | D:10     | Found a flagged portal.
  9307 | Bailey   | Entered a bailey
  9484 | Bailey   | Noticed an orc knight
  9785 | D:10     | Reached skill level 1 in Shields
 10207 | D:11     | Found a staircase to the Lair.
 10337 | D:11     | Noticed a five-headed hydra
 10350 | D:11     | Killed a five-headed hydra
 10383 | D:11     | Noticed an unseen horror
 10390 | D:11     | Killed an unseen horror
 10649 | D:12     | Noticed a two-headed ogre
 10649 | D:12     | Noticed a two-headed ogre
 10662 | D:12     | Noticed Kirke
 10666 | D:12     | Found a staircase to the Orcish Mines.
 10808 | D:12     | Noticed a manticore
 10892 | D:12     | Noticed a manticore
 10910 | D:11     | Killed Kirke
 10910 | D:11     | Reached skill level 10 in Invocations
 10918 | D:11     | Learned a level 2 spell: Blink
 11086 | D:12     | Reached XP level 12. HP: 87/88 MP: 15/19
 11093 | D:12     | Killed a two-headed ogre
 11263 | D:12     | Killed a two-headed ogre
 11700 | D:12     | Noticed Sonja
 11845 | D:12     | Reached skill level 5 in Translocations
 11952 | D:12     | Killed Sonja
 12420 | D:13     | Noticed a centaur warrior
 12432 | D:13     | Killed a centaur warrior
 12532 | Lair:1   | Entered Level 1 of the Lair of Beasts
 12563 | Lair:1   | Noticed Harold
 12584 | Lair:1   | Killed Harold
 12604 | Lair:1   | Noticed Nergalle
 12629 | Lair:1   | Noticed a six-headed hydra
 12987 | Lair:1   | Noticed Prince Ribbit
 12989 | Lair:1   | Killed Nergalle
 12998 | Lair:1   | Killed a six-headed hydra
 13003 | Lair:1   | Killed Prince Ribbit
 13392 | Lair:1   | Reached XP level 13. HP: 84/92 MP: 20/20
 13415 | Lair:1   | Found a hide-covered altar of Uskayaw.
 13842 | Lair:2   | Found a hole to the Spider Nest.
 14659 | Lair:2   | Noticed Gastronok
 14680 | Lair:2   | Killed Gastronok
 15418 | Lair:3   | Noticed Urug
 15427 | Lair:3   | Killed Urug
 16067 | Lair:4   | Found a staircase to the Shoals.
 16632 | Lair:4   | Identified a scroll of acquirement
 16690 | Lair:4   | Found an ornate altar of the Wu Jian Council.
 17081 | Lair:4   | Gained mutation: Your large and strong wings let you fly indefinitely. [Gargoyle growth]
 17081 | Lair:4   | Reached XP level 14. HP: 101/101 MP: 23/23
 18052 | Lair:5   | Found a staircase to the Slime Pits.
 18307 | Lair:5   | Found the amulet of Vitality {Regen+ HP+15}
 18509 | Lair:5   | Noticed iamserjio's ghost (journeyman KoHu)
 18544 | Lair:5   | Killed iamserjio's ghost
 18712 | Lair:6   | Entered Level 6 of the Lair of Beasts
 19890 | Lair:6   | Reached XP level 15. HP: 103/108 MP: 25/25
 20407 | Orc:1    | Entered Level 1 of the Orcish Mines
 20578 | Orc:2    | Entered Level 2 of the Orcish Mines
 20598 | Orc:2    | Noticed Uberwunderbarhen's ghost (journeyman TrMo)
 20599 | Orc:2    | Noticed Rupert
 20890 | Orc:1    | Reached skill level 10 in Shields
 21206 | Orc:2    | Killed Uberwunderbarhen's ghost
 21302 | Orc:2    | Killed Rupert
 21406 | Orc:2    | Noticed Erolcha
 21411 | Orc:2    | Noticed an orc warlord
 21416 | Orc:2    | Found a staircase to the Elven Halls.
 21426 | Orc:2    | Noticed Josephine
 21438 | Orc:2    | Killed Josephine
 21644 | Orc:2    | Killed an orc warlord
 21840 | Orc:2    | Killed Erolcha
 21840 | Orc:2    | Reached skill level 15 in Invocations
 22735 | Orc:2    | Found Umuma's Weapon Emporium.
 22735 | Orc:2    | Found Muosat's Weapon Shop.
 22737 | Orc:2    | Found Neusy's Food Shop.
 22737 | Orc:2    | Found Loteh's Antique Weapon Emporium.
 22757 | Orc:2    | Bought the +6 morningstar "Fionean" {venom, Stlth+} for 713 gold pieces
 22891 | D:13     | Found Mioderr's Armour Shoppe.
 23612 | D:13     | Found a gate to the Vaults.
 23821 | D:14     | Reached ***** piety under the Shining One
 23917 | D:14     | Reached XP level 16. HP: 114/114 MP: 28/28
 24093 | D:14     | Found a sacrificial altar of Ru.
 24174 | D:15     | Entered Level 15 of the Dungeon
 24701 | D:15     | Found Vaot's General Store.
 24717 | D:15     | Bought a wand of digging (15) for 418 gold pieces
 25430 | D:15     | Found a staircase to the Depths.
 25644 | Spider:1 | Entered Level 1 of the Spider Nest
 28092 | Spider:2 | Identified the +6 gold dragon scales "Qellafa" {rPois rF+ rC+ Int+8} (You found it on level 2 of the Spider Nest)
 28370 | Spider:3 | Reached skill level 1 in Armour
 28409 | Spider:3 | Reached XP level 17. HP: 119/119 MP: 29/29
 29707 | Spider:4 | Entered Level 4 of the Spider Nest
 29733 | Spider:3 | Reached skill level 5 in Armour
 30578 | Spider:4 | Noticed Bai Suzhen
 30590 | Spider:4 | Reached skill level 5 in Dodging
 30968 | Spider:4 | Killed Bai Suzhen
 31380 | Spider:4 | Got a gossamer rune of Zot
 31791 | D:11     | Upgraded the game from 0.22-a0-374-g5dfd9e3 to 0.22-a0-377-g846bec1
 31898 | Shoals:1 | Entered Level 1 of the Shoals
 32496 | Shoals:1 | Reached XP level 18. HP: 125/125 MP: 27/30
 32784 | Shoals:2 | Found Oposear's Food Shoppe.
 32881 | Shoals:2 | Reached skill level 10 in Armour
 32998 | Shoals:2 | Noticed Polyphemus
 33568 | Shoals:2 | Killed Polyphemus
 34054 | Shoals:3 | Noticed Louise
 34084 | Shoals:3 | Cast into level 2 of the Abyss (Louise)
 34183 | Abyss:2  | Noticed a bone dragon
 34218 | Abyss:2  | Killed a bone dragon
 34224 | Shoals:3 | Escaped the Abyss
 34264 | Shoals:3 | Killed Louise
 35226 | Shoals:4 | Entered Level 4 of the Shoals
 35352 | Shoals:4 | Noticed Ilsuiw
 35376 | Shoals:4 | Reached skill level 10 in Dodging
 35715 | Shoals:4 | Found Odeane's Food Emporium.
 35718 | Shoals:4 | Killed Ilsuiw
 35764 | Shoals:4 | Reached XP level 19. HP: 80/130 MP: 27/31
 36542 | Shoals:4 | Noticed Aizul
 36558 | Shoals:4 | Killed Aizul
 36558 | Shoals:4 | Reached skill level 1 in Throwing
 36755 | Shoals:4 | Got a barnacled rune of Zot
 37390 | Vaults:1 | Entered Level 1 of the Vaults
 37466 | Vaults:1 | Reached skill level 5 in Throwing
 38844 | Vaults:1 | Found a portal to a secret trove of treasure.
 39102 | Vaults:2 | Noticed Asterion
 39123 | Vaults:2 | Killed Asterion
 39423 | Vaults:2 | Found Kazihatu's Armour Boutique.
 39455 | Vaults:2 | Found Gemej's Distillery.
 39461 | Vaults:2 | Bought a potion of heal wounds for 70 gold pieces
 39461 | Vaults:2 | Bought a potion of agility for 56 gold pieces
 39757 | Vaults:2 | Noticed Frederick
 39778 | Vaults:2 | Killed Frederick
 40188 | Vaults:2 | Reached XP level 20. HP: 138/138 MP: 33/33
 41074 | Vaults:3 | Reached skill level 1 in Spellcasting
 41423 | Vaults:3 | Found a staircase to the Crypt.
 42127 | Vaults:3 | Found Rochoi's Antique Weapon Shop.
 42532 | Vaults:3 | Found Ovuubop's Food Emporium.
 42795 | Vaults:3 | Found Vanletoepp's Book Boutique.
 43352 | Vaults:4 | Reached skill level 15 in Fighting
 43355 | Vaults:4 | Reached XP level 21. HP: 145/147 MP: 34/34
 43467 | Vaults:4 | Reached skill level 5 in Spellcasting
 44919 | Vaults:4 | Found Fuocepp's Jewellery Shop.
 45501 | Depths:1 | Entered Level 1 of the Depths
 45944 | Depths:1 | Upgraded the game from 0.22-a0-377-g846bec1 to 0.22-a0-388-g09e6169
 45971 | Depths:1 | Found Akiwywk's General Store.
 45974 | Depths:1 | Bought a scroll of identify for 30 gold pieces
 45974 | Depths:1 | Bought a scroll of teleportation for 45 gold pieces
 46152 | Depths:1 | Found a gateway to Hell.
 46411 | Depths:1 | Found the +8 glaive of the Guard {elec, +Rage AC+5 SInv}
 46425 | Depths:1 | Identified the Guide on Assistive Snow
 46713 | Depths:1 | Reached skill level 15 in Shields
 47196 | Elf:1    | Entered Level 1 of the Elven Halls
 47413 | Elf:1    | Reached skill level 15 in Maces & Flails
 47455 | Elf:1    | Identified the Grimoire of Stolen Souls
 48122 | Elf:2    | Found Cufi's Book Emporium.
 48126 | Elf:2    | Found Fagot's Assorted Antiques.
 48126 | Elf:2    | Found Onophog's Armour Shoppe.
 48130 | Elf:2    | Found Caur's Antique Weapon Shoppe.
 48142 | Elf:2    | Bought a book of Cantrips for 320 gold pieces
 48144 | Elf:2    | Learned a level 1 spell: Apportation
 48147 | Elf:2    | Bought 2 scrolls of enchant weapon for 465 gold pieces
 48177 | Elf:2    | Bought a translucent hand crossbow for 314 gold pieces
 48177 | Elf:2    | Identified the +10 hand crossbow of the Sky {velocity, Str+4} (You bought it in a shop on level 2 of the Elven Halls)
 48187 | Elf:2    | Bought the +1 cloak of Starlight {rElec rC+ EV+4 Stlth--} for 890 gold pieces
 48187 | Elf:2    | Found the +1 cloak of Starlight {rElec rC+ EV+4 Stlth--}
 48242 | Elf:2    | Found a runed gate.
 48242 | Elf:2    | Found a runed gate.
 48242 | Elf:2    | Found a runed gate.
 48373 | Elf:2    | Reached skill level 1 in Crossbows
 48585 | Elf:2    | Reached XP level 22. HP: 156/156 MP: 30/35
 48636 | Elf:2    | Reached skill level 5 in Crossbows
 48994 | Elf:3    | Entered Level 3 of the Elven Halls
 49710 | Elf:3    | Got a smoking turquoise ring
 49727 | Elf:3    | Cast into level 3 of the Abyss (a deep elf sorcerer)
 49727 | Abyss:3  | Found a corrupted altar of Lugonu.
 49789 | Abyss:3  | Gained mutation: You are dopey. (Int -2) [a cacodemon]
 49818 | Abyss:3  | Paralysed by accursed screaming for 1 turns
 49923 | Elf:3    | Escaped the Abyss
 50136 | Elf:3    | Identified the +6 chain mail "Teucu" {+Blink rC+ SInv} (You took it off a deep elf high priest on level 3 of the Elven Halls)
 50138 | Elf:3    | Identified the ring "Tiusabo" {+Blink rF+ rN+ Int+2 Dex-2} (You took it off a deep elf death mage on level 3 of the Elven Halls)
 50163 | Elf:3    | Identified the ring "Lafaveudgh" {Ice MP-9 Int+3 Dex+4} (You took it off a deep elf master archer on level 3 of the Elven Halls)
 50214 | Elf:3    | Identified a +2 pair of boots of running (You found it on level 3 of the Elven Halls)
 50226 | Elf:3    | Identified the Catalogue of Flight
 50234 | Elf:3    | Learned a level 3 spell: Lesser Beckoning
 50260 | Elf:3    | Identified Guethril's Last Secrets of Thaumaturgy
 51799 | Depths:2 | Found a corrupted altar of Lugonu.
 51799 | Depths:2 | Found a one-way gate to the infinite horrors of the Abyss.
 51930 | Depths:2 | Identified the +10 morningstar "Loiw" {venom, Int+4} (You took it off a vampire knight on level 2 of the Depths)
 52023 | Depths:2 | Reached XP level 23. HP: 161/161 MP: 37/37
 52255 | Depths:2 | Noticed an ancient lich
 52258 | Depths:2 | Found a gateway to a ziggurat.
 52258 | Depths:2 | Noticed an ancient lich
 52274 | Depths:2 | Paralysed by an ancient lich for 6 turns
 52281 | Depths:2 | Killed an ancient lich
 52285 | Depths:2 | Paralysed by an ancient lich for 7 turns
 52313 | Depths:2 | Killed an ancient lich
 52479 | Depths:2 | Reached ****** piety under the Shining One
 52953 | Depths:2 | Identified a +9 eveningstar of holy wrath (a +9 eveningstar of flaming blessed by the Shining One)
 52953 | Depths:2 | Received a gift from the Shining One
 52961 | Hell     | Entered the Vestibule of Hell
 52961 | Hell     | Noticed Geryon
 52974 | Hell     | Reached skill level 15 in Armour
 52993 | Hell     | Noticed Murray
 53069 | Hell     | Killed Geryon
 53088 | Hell     | Killed Murray
 53399 | Hell     | Reached XP level 24. HP: 167/167 MP: 37/37
 53450 | Hell     | Found a gateway to the freezing wastes of Cocytus.
 53522 | Hell     | Found a gateway to the Iron City of Dis.
 53597 | Hell     | Found a gateway to the ashen valley of Gehenna.
 53672 | Hell     | Found a gateway to the decaying netherworld of Tartarus.
 53882 | Depths:3 | Found a one-way gate leading to the halls of Pandemonium.
 54000 | Depths:3 | Noticed Jory
 54011 | Depths:3 | Killed Jory
 56316 | Depths:4 | Found a runed gate.
 56316 | Depths:4 | Found a runed gate.
 56316 | Depths:4 | Found a runed gate.
 56534 | Depths:4 | Identified the ring "Zuammel" {rElec rPois MR+ Str+2} (You took it off a yaktaur on level 4 of the Depths)
 56543 | Depths:4 | Found a runed gate.
 56543 | Depths:4 | Found a runed gate.
 56543 | Depths:4 | Found a runed gate.
 56583 | Depths:5 | Entered Level 5 of the Depths
 57546 | Depths:5 | Reached XP level 25. HP: 176/176 MP: 37/37
 58067 | Depths:5 | Found a gate to the Realm of Zot.
 58869 | Vaults:5 | Entered Level 5 of the Vaults
 58893 | Vaults:5 | Cast into level 2 of the Abyss (a deep elf demonologist)
 58893 | Abyss:2  | Found a corrupted altar of Lugonu.
 59137 | Abyss:2  | Gained mutation: Scrolls take you a little longer to read. [a neqoxec]
 59167 | Vaults:5 | Escaped the Abyss
 59356 | Vaults:5 | Cast into level 3 of the Abyss (a deep elf sorcerer)
 59356 | Abyss:3  | Found a corrupted altar of Lugonu.
 59363 | Vaults:5 | Escaped the Abyss
 59380 | Vaults:5 | Noticed an ancient lich
 59388 | Vaults:5 | Cast into level 2 of the Abyss (a ghostly deep elf sorcerer)
 59435 | Abyss:2  | Paralysed by accursed screaming for 1 turns
 59506 | Abyss:3  | Paralysed by a great orb of eyes for 3 turns
 59529 | Abyss:3  | Reached XP level 26. HP: 187/187 MP: 31/37
 59544 | Vaults:5 | Escaped the Abyss
 59565 | Vaults:5 | Cast into level 5 of the Abyss (an ancient lich)
 59565 | Abyss:5  | Entered Level 5 of the Abyss
 59578 | Vaults:5 | Escaped the Abyss
 59849 | Vaults:5 | Paralysed by a great orb of eyes for 3 turns
 59862 | Vaults:5 | Killed an ancient lich
 60018 | Vaults:5 | Identified the Almanac of Contamination and Talismans
 60026 | Vaults:5 | Found Wyinyl Ugg's Book Boutique.
 60045 | Vaults:5 | Got a sparkling steel ring
 60048 | Vaults:5 | Identified the ring of Jiupseomp {rPois MR+ Str+3 Int+7 Dex-3} (You found it on level 5 of the Vaults)
 60211 | Vaults:5 | Paralysed by a floating eye for 3 turns
 60459 | Vaults:5 | Identified the +2 pair of boots of Immorality {rC+ Stlth+} (You found it on level 5 of the Vaults)
 60772 | Vaults:5 | Identified the +3 scale mail of Nobility {*Corrode *Drain rElec Str+9} (You found it on level 5 of the Vaults)
 61033 | Vaults:5 | Identified the +0 pair of boots "Voromo Reoh" {Str+4} (You found it on level 5 of the Vaults)
 61159 | Vaults:5 | Got a silver rune of Zot
 61175 | Vaults:5 | Identified the +5 ring mail "Rooxes" {*Slow +Inv rElec Str+5} (You found it on level 5 of the Vaults)
 61178 | Vaults:5 | Identified the ring "Qeschuizo" {rC++ Stlth+} (You found it on level 5 of the Vaults)
 61192 | Vaults:5 | Identified Sif Muna's Catalogue of Attacks and the Mountains
 61197 | Vaults:5 | Upgraded the game from 0.22-a0-388-g09e6169 to 0.22-a0-389-g8519d86
 61236 | Vaults:5 | Identified the ring of Sess {Fire Int+3} (You took it off a tengu reaver on level 5 of the Vaults)
 61358 | Vaults:5 | Learned a level 2 spell: Swiftness
 61415 | Crypt:1  | Entered Level 1 of the Crypt
 61445 | Crypt:1  | Reached skill level 1 in Charms
 61445 | Crypt:1  | Reached skill level 1 in Air Magic
 61753 | Crypt:1  | Found a transporter.
 61776 | Crypt:1  | Paralysed by the power of Zot for 4 turns
 61813 | Crypt:1  | Found a transporter.
 61824 | Crypt:1  | Identified the ring of Wacie {Int+3 Slay+3} (You found it on level 1 of the Crypt)
 61845 | Crypt:1  | Identified the amulet "Ytudiuli" {-Tele +Rage rF+ Dex+4} (You found it on level 1 of the Crypt)
 62545 | Crypt:2  | Noticed Mara
 62553 | Crypt:2  | Noticed Ijustatesigmund's illusion
 62553 | Crypt:2  | Killed Mara
 62553 | Crypt:2  | Reached skill level 5 in Charms
 62576 | Crypt:2  | Found the +8 mithril axe "Arga" {speed, MR+}
 62608 | Crypt:2  | Reached skill level 5 in Air Magic
 62697 | Crypt:2  | Found a basalt altar of Yredelemnul.
 62748 | Crypt:2  | Found a deep blue altar of Sif Muna.
 62780 | Crypt:2  | Reached XP level 27. HP: 194/194 MP: 37/37
 63053 | Crypt:3  | Entered Level 3 of the Crypt
 63290 | Crypt:3  | Identified the Reference Book on Unholy Magic
 63292 | Crypt:3  | Identified the Guide on the Mutagenic Glacier
 63343 | Crypt:3  | Noticed Saint Roka
 63373 | Crypt:3  | Killed Saint Roka
 63645 | Crypt:3  | Found a staircase to the Tomb.
 64047 | Crypt:3  | Found an ancient bone altar of Kikubaaqudgha.
 64048 | Crypt:3  | Noticed an ancient lich
 64060 | Crypt:3  | Noticed an ancient lich
 64064 | Crypt:3  | Killed an ancient lich
 64069 | Crypt:3  | Killed an ancient lich
 64106 | Crypt:3  | Noticed an ancient lich
 64115 | Crypt:3  | Killed an ancient lich
 64840 | Tomb:1   | Entered Level 1 of the Tomb of the Ancients
 65336 | Tomb:1   | Noticed a greater mummy
 65340 | Tomb:1   | Noticed a greater mummy
 65345 | Tomb:1   | Killed a greater mummy
 65350 | Tomb:1   | Reached skill level 10 in Charms
 65355 | Tomb:1   | Noticed a greater mummy
 65356 | Tomb:1   | Killed a greater mummy
 65383 | Tomb:1   | Killed a greater mummy
 65784 | Tomb:1   | Reached skill level 10 in Air Magic
 66570 | Zig:1    | Entered Level 1 of a ziggurat
 66602 | Zig:2    | Entered Level 2 of a ziggurat
 66630 | Zig:3    | Entered Level 3 of a ziggurat
 66743 | Zig:3    | Identified the +5 scale mail of the Eternal Fruit {rPois} (You found it on level 3 of a ziggurat)
 66746 | Zig:4    | Entered Level 4 of a ziggurat
 66819 | Zig:5    | Entered Level 5 of a ziggurat
 66907 | Zig:6    | Entered Level 6 of a ziggurat
 66917 | Zig:6    | Reached skill level 10 in Translocations
 66971 | Zig:7    | Entered Level 7 of a ziggurat
 67007 | Zig:7    | Got an ancient glass ring
 67010 | Zig:7    | Identified the ring of the Raven {+Fly rElec rF+ Str+3 Stlth+} (You found it on level 7 of a ziggurat)
 67016 | Zig:7    | Identified the +6 flail "Kemiam" {crush, MR++ Dex-3 Stlth+} (You found it on level 7 of a ziggurat)
 67028 | Zig:8    | Entered Level 8 of a ziggurat
 67137 | Zig:9    | Entered Level 9 of a ziggurat
 67189 | Zig:9    | Identified the Catalogue of Companions
 67243 | Zig:10   | Entered Level 10 of a ziggurat
 67253 | Zig:10   | Found the cursed +13 scythe of Curses {drain, *Curse}
 67352 | Zig:10   | Got a warped pewter ring
 67354 | Zig:10   | Identified the ring "Aplyatei" {Ice rElec Slay-6 Stlth+} (You found it on level 10 of a ziggurat)
 67403 | Zig:11   | Entered Level 11 of a ziggurat
 67708 | Zig:12   | Entered Level 12 of a ziggurat
 67797 | Zig:13   | Entered Level 13 of a ziggurat
 67875 | Zig:13   | Lost mutation: Your muscles are strong. (Str +2) [potion of mutation]
 67875 | Zig:13   | Lost mutation: You are robust. (+10% HP) [potion of mutation]
 67875 | Zig:13   | Gained mutation: Your body sometimes deteriorates upon taking damage. [potion of mutation]
 67875 | Zig:13   | Gained mutation: Scrolls take you longer to read. [potion of mutation]
 67875 | Zig:13   | Gained mutation: You are very dopey. (Int -4) [potion of mutation]
 67875 | Zig:13   | Gained mutation: You have sharp toenails. [potion of mutation]
 67876 | Zig:13   | Lost mutation: You are very dopey. (Int -4) [potion of mutation]
 67876 | Zig:13   | Lost mutation: Your body sometimes deteriorates upon taking damage. [potion of mutation]
 67876 | Zig:13   | Lost mutation: You have sharp toenails. [potion of mutation]
 67876 | Zig:13   | Lost mutation: Scrolls take you longer to read. [potion of mutation]
 67876 | Zig:13   | Gained mutation: You have a somewhat thin skeletal structure. (Dex +2, Stealth) [potion of mutation]
 67876 | Zig:13   | Gained mutation: You have sharp toenails. [potion of mutation]
 67877 | Zig:13   | Lost mutation: You have sharp toenails. [potion of mutation]
 67877 | Zig:13   | Lost mutation: Scrolls take you a little longer to read. [potion of mutation]
 67877 | Zig:13   | Gained mutation: Your magical capacity is low. (-10% MP) [potion of mutation]
 67877 | Zig:13   | Lost mutation: You are dopey. (Int -2) [potion of mutation]
 67877 | Zig:13   | Gained mutation: Your magical capacity is very low. (-20% MP) [potion of mutation]
 67877 | Zig:13   | Gained mutation: You are partially covered in thin metallic scales. (AC +2) [potion of mutation]
 67889 | Zig:13   | Got a brightly glowing platinum amulet
 67890 | Zig:13   | Identified the amulet of Cyg Xuij {Acrobat rElec Str+6 Int-4} (You found it on level 13 of a ziggurat)
 67909 | Zig:13   | Reached skill level 10 in Throwing
 67912 | Zig:13   | Identified the +5 leather armour of the Tired Moons {*Contam Regen+ SInv} (You found it on level 13 of a ziggurat)
 67929 | Zig:13   | Identified the cursed +0 lajatang "Unex" {slice, MR++ Str-2 Dex+4} (You found it on level 13 of a ziggurat)
 67937 | Zig:14   | Entered Level 14 of a ziggurat
 67993 | Zig:14   | Noticed a juggernaut
 68015 | Zig:14   | Noticed a juggernaut
 68017 | Zig:14   | Killed a juggernaut
 68046 | Zig:14   | Killed a juggernaut
 68597 | Zig:14   | Identified the amulet of Uwemudghorr {Faith Int+6} (You found it on level 14 of a ziggurat)
 68604 | Zig:14   | Identified the Papyrus of Attacks
 68612 | Zig:15   | Entered Level 15 of a ziggurat
 68746 | Zig:15   | Identified the ring "Ofyno" {Int+6 Dex+3 Slay-6 Stlth-} (You found it on level 15 of a ziggurat)
 68758 | Zig:15   | Identified the amulet of Satyriasis {Inacc rElec rPois Int+4 Dex-4} (You found it on level 15 of a ziggurat)
 68762 | Zig:15   | Reached skill level 5 in Hexes
 68771 | Zig:15   | Identified the +0 pair of boots of Noughts and Crosses {Str+3 Stlth+} (You found it on level 15 of a ziggurat)
 68799 | Zig:16   | Entered Level 16 of a ziggurat
 68907 | Zig:16   | Found the +4 moon troll leather armour {Spirit, Regen++ MP+5}
 69103 | Zig:17   | Entered Level 17 of a ziggurat
 69533 | Zig:18   | Entered Level 18 of a ziggurat
 69560 | Zig:18   | Noticed Soki the pandemonium lord
 69568 | Zig:18   | Got a crude copper ring
 69645 | Depths:2 | Identified the ring "Moxzeli Wude" {rF+ Int+4} (You found it on level 18 of a ziggurat)
 69699 | Hell     | Learned a level 2 spell: Song of Slaying
 69701 | Hell     | Learned a level 1 spell: Summon Butterflies
 69709 | Hell     | Learned a level 7 spell: Spellforged Servitor
 69718 | Hell     | Learned a level 8 spell: Lehudib's Crystal Spear
 69743 | Coc:1    | Entered Level 1 of Cocytus
 69779 | Tar:1    | Entered Level 1 of Tartarus
 69791 | Tar:1    | Reached skill level 1 in Conjurations
 69791 | Tar:1    | Reached skill level 1 in Earth Magic
 69794 | Tar:1    | Reached skill level 1 in Summonings
 71202 | Tar:2    | Reached skill level 5 in Earth Magic
 71449 | Tar:2    | Reached skill level 5 in Conjurations
 72141 | Tar:2    | Reached skill level 5 in Summonings
 73764 | Tar:4    | Reached skill level 10 in Earth Magic
 73962 | Tar:4    | Gained mutation: Your spells are a little easier to cast, but a little less powerful. [mutagenic glow]
 73985 | Tar:4    | Gained mutation: You occasionally shout uncontrollably at your foes. [mutagenic glow]
 74631 | Tar:5    | Reached skill level 10 in Conjurations
 76180 | Tar:6    | Gained mutation: Your body sometimes deteriorates upon taking damage. [mutagenic glow]
 76239 | Tar:6    | Gained mutation: Your magical capacity is extremely low. (-30% MP) [mutagenic glow]
 76483 | Tar:6    | Reached skill level 10 in Summonings
 76843 | Tar:7    | Entered Level 7 of Tartarus
 77395 | Tar:7    | Noticed the Serpent of Hell
 77410 | Tar:7    | Killed the Serpent of Hell
 77491 | Tar:7    | Noticed Ereshkigal
 77507 | Tar:7    | Killed Ereshkigal
 77729 | Tar:7    | Found the +7 lajatang of Order {silver, rMut}
 77843 | Tar:7    | Got a transparent jade ring
 77845 | Tar:7    | Identified the ring of Gibuy {+Blink rC+ rN+ Str+4} (You found it on level 7 of Tartarus)
 77901 | Tar:7    | Gained mutation: You are weak. (Str -2) [a neqoxec]
 77912 | Tar:7    | Gained mutation: You are clumsy. (Dex -2) [a neqoxec]
 77980 | Tar:7    | Got a bone rune of Zot
 78058 | Tar:7    | Identified Sif Muna's Tome of Good Luck
 78107 | Tar:7    | Reached skill level 15 in Earth Magic
 78130 | Tar:7    | Found the +8 Wrath of Trog {antimagic, *Rage}
 78140 | Tar:7    | Got a vibrating jade amulet
 78141 | Tar:7    | Identified the amulet "Hatt" {Reflect -Tele +Fly rElec rF++ SH+4} (You found it on level 7 of Tartarus)
 78145 | Tar:7    | Identified the Reference Book on Lucky Attacks
 78248 | Tar:7    | Identified the +0 plate armour of Sovereignty {-Tele Str+7 SInv} (You found it on level 7 of Tartarus)
 78327 | Hell     | Lost mutation: You are weak. (Str -2) [potion of mutation]
 78327 | Hell     | Lost mutation: Your magical capacity is extremely low. (-30% MP) [potion of mutation]
 78327 | Hell     | Gained mutation: You are partially covered in large bone plates. (SH +4) [potion of mutation]
 78373 | Dis:1    | Entered Level 1 of the Iron City of Dis
 80335 | Dis:3    | Reached skill level 10 in Spellcasting
 80622 | Dis:3    | Gained mutation: Your body often deteriorates upon taking damage. [mutagenic glow]
 80696 | Dis:3    | Gained mutation: You do not regenerate when monsters are visible. [mutagenic glow]
 82187 | Dis:5    | Reached skill level 15 in Spellcasting
 82754 | Dis:7    | Entered Level 7 of the Iron City of Dis
 83697 | Dis:7    | Identified the Volume of Black Rites
 84256 | Dis:7    | Identified the cursed +0 morningstar "Byfinn" {flame, rN+ SInv} (You took it off an iron imp on level 7 of the Iron City of Dis)
 84377 | Dis:7    | Noticed Dispater
 84392 | Dis:7    | Killed Dispater
 84443 | Dis:7    | Got an iron rune of Zot
 85209 | Slime:1  | Entered Level 1 of the Pits of Slime
 86407 | Slime:3  | Gained mutation: You are very clumsy. (Dex -4) [a shining eye]
 86410 | Slime:3  | Gained mutation: You are weak. (Str -2) [a shining eye]
 86420 | Slime:3  | Gained mutation: Your magical capacity is extremely low. (-30% MP) [a shining eye]
 87677 | Slime:5  | Entered Level 5 of the Pits of Slime
 87705 | Slime:5  | Gained mutation: You tend to lose your temper in combat. [a shining eye]
 87708 | Slime:5  | Lost mutation: You occasionally shout uncontrollably at your foes. [a shining eye]
 87714 | Slime:5  | Paralysed by a great orb of eyes for 2 turns
 87901 | Slime:5  | Noticed the Royal Jelly
 87914 | Slime:5  | Killed the Royal Jelly
 88247 | Slime:5  | Got a slimy rune of Zot
 88249 | Slime:5  | Identified the cursed ring "Uruuv" {rElec rPois Dex-3} (You found it on level 5 of the Pits of Slime)
 88329 | Slime:5  | Gained mutation: You are frail. (-10% HP) [a shining eye]
 88762 | Lair:5   | Upgraded the game from 0.22-a0-389-g8519d86 to 0.22-a0-392-g5dc3fd9
 88762 | Lair:5   | Lost mutation: Your body often deteriorates upon taking damage. [potion of mutation]
 88762 | Lair:5   | Lost mutation: You are weak. (Str -2) [potion of mutation]
 88762 | Lair:5   | Lost mutation: You are frail. (-10% HP) [potion of mutation]
 88762 | Lair:5   | Lost mutation: Your body sometimes deteriorates upon taking damage. [potion of mutation]
 88762 | Lair:5   | Gained mutation: You are robust. (+10% HP) [potion of mutation]
 89107 | Geh:1    | Entered Level 1 of Gehenna
 89571 | Geh:1    | Reached skill level 15 in Conjurations
 89884 | Geh:1    | Reached skill level 15 in Summonings
 90165 | Geh:2    | Gained mutation: Your body sometimes deteriorates upon taking damage. [mutagenic glow]
 93024 | Geh:4    | Found the +7 great mace "Firestarter" {inner flame, rF++}
 95574 | Geh:7    | Entered Level 7 of Gehenna
 96683 | Geh:7    | Identified the Catalogue of the Volcanoes and Snow
 96685 | Geh:7    | Identified the Handbook of Evil Conjuration
 96690 | Geh:7    | Identified the +4 steam dragon scales "Wedel" {rElec MR- rCorr Int+9} (You found it on level 7 of Gehenna)
 96851 | Geh:7    | Noticed Asmodeus
 96870 | Geh:7    | Killed Asmodeus
 96924 | Geh:7    | Got an obsidian rune of Zot
 98509 | Coc:3    | Reached skill level 15 in Dodging
100564 | Coc:7    | Entered Level 7 of Cocytus
101210 | Coc:7    | Got an icy rune of Zot
101217 | Coc:7    | Noticed Antaeus
101258 | Coc:7    | Killed Antaeus
101262 | Coc:7    | Identified the amulet "Imaoc" {+Fly rN+ MR+ Regen+ Int+3} (You took it off Antaeus on level 7 of Cocytus)
101849 | Pan      | Entered Pandemonium
102239 | Pan      | Gained mutation: Your body often deteriorates upon taking damage. [a cacodemon]
102322 | Pan      | Reached skill level 5 in Stealth
102529 | Pan      | Found an exit through the horrors of the Abyss.
102677 | Pan      | Gained mutation: You often lose your temper in combat. [a cacodemon]
102736 | Pan      | Entered the realm of Lom Lobon.
103004 | Pan      | Found an exit through the horrors of the Abyss.
103351 | Pan      | Noticed Lom Lobon
103366 | Pan      | Got a magical rune of Zot
103402 | Pan      | Entered the realm of Cerebov.
103403 | Pan      | Noticed Cerebov
103613 | Pan      | Noticed Lom Lobon
103656 | Pan      | Killed Lom Lobon
103909 | Pan      | Found an exit through the horrors of the Abyss.
104050 | Pan      | Reached skill level 10 in Stealth
104290 | Pan      | Identified the cursed ring "Plog" {*Contam rF+ rC+ AC-3 Int+3} (You took it off a balrug in Pandemonium)
104796 | Pan      | Killed Cerebov
104811 | Pan      | Got a fiery rune of Zot
105275 | Pan      | Found an exit through the horrors of the Abyss.
105328 | Pan      | Gained mutation: Scrolls take you a little longer to read. [a cacodemon]
105390 | Pan      | Noticed Kerit the pandemonium lord
105412 | Pan      | Killed Kerit the pandemonium lord
105428 | Pan      | Got a demonic rune of Zot
105441 | Pan      | Entered the realm of Mnoleg.
105589 | Pan      | Gained mutation: You are weak. (Str -2) [a cacodemon]
105605 | Pan      | Gained mutation: Potions are less effective at restoring your health. [a cacodemon]
105608 | Pan      | Gained mutation: Armour fits poorly on your strangely shaped body. [a neqoxec]
105610 | Pan      | Gained mutation: You are very weak. (Str -4) [a neqoxec]
105718 | Pan      | Lost mutation: You are robust. (+10% HP) [a cacodemon]
105721 | Pan      | Gained mutation: You are frail. (-10% HP) [a cacodemon]
105865 | Pan      | Noticed Mnoleg
105909 | Pan      | Killed Mnoleg
105909 | Pan      | Reached skill level 27 in Invocations
106188 | Pan      | Reached skill level 15 in Stealth
106454 | Pan      | Gained mutation: Potions are poor at restoring your health. [a cacodemon]
106457 | Pan      | Gained mutation: You are occasionally teleported next to monsters. [a cacodemon]
106460 | Pan      | Gained mutation: You are sometimes teleported next to monsters. [a cacodemon]
106597 | Pan      | Gained mutation: Potions cannot restore your health. [a neqoxec]
106715 | Pan      | Gained mutation: You are dopey. (Int -2) [a neqoxec]
106730 | Pan      | Got a glowing rune of Zot
106785 | Pan      | Gained mutation: You are very dopey. (Int -4) [a neqoxec]
106982 | Pan      | Found an exit through the horrors of the Abyss.
107062 | Pan      | Entered the realm of Gloorx Vloq.
107081 | Pan      | Noticed Gloorx Vloq
107095 | Pan      | Killed Gloorx Vloq
107354 | Pan      | Got a dark rune of Zot
107537 | Pan      | Gained mutation: You have an uncontrollable temper. [a cacodemon]
107543 | Pan      | Gained mutation: Scrolls take you longer to read. [a cacodemon]
107564 | Pan      | Gained mutation: You are very frail. (-20% HP) [a cacodemon]
107568 | Pan      | Gained mutation: Scrolls take you much longer to read. [a cacodemon]
107586 | Pan      | Identified the amulet "Pailish" {Harm *Drain rPois MR+ Str-2 Int+3} (You found it in Pandemonium)
107708 | Pan      | Found an exit through the horrors of the Abyss.
107734 | Pan      | Took an exit into the Abyss.
107734 | Abyss:1  | Escaped into the Abyss
108596 | Abyss:2  | Gained mutation: Your spells are easier to cast, but less powerful. [a cacodemon]
108704 | Abyss:3  | Found a corrupted altar of Lugonu.
108797 | Abyss:3  | Found a corrupted altar of Lugonu.
108991 | Abyss:3  | Found a corrupted altar of Lugonu.
109079 | Abyss:3  | Identified the Tome of Gliding Arcane Weapons
109168 | Abyss:3  | Paralysed by accursed screaming for 1 turns
109171 | Abyss:3  | Paralysed by accursed screaming for 1 turns
110050 | Abyss:3  | Gained mutation: Your spells are much easier to cast, but much less powerful. [a neqoxec]
110206 | Abyss:4  | Paralysed by accursed screaming for 1 turns
110224 | Abyss:4  | Paralysed by accursed screaming for 1 turns
110241 | Abyss:4  | Paralysed by accursed screaming for 1 turns
110245 | Abyss:4  | Paralysed by accursed screaming for 1 turns
110261 | Abyss:4  | Got an abyssal rune of Zot
110322 | Abyss:4  | Paralysed by you for 5 turns
110452 | Abyss:4  | Paralysed by accursed screaming for 1 turns
110575 | Abyss:4  | Reached skill level 27 in Shields
110608 | Depths:3 | Escaped the Abyss
110791 | Vaults:2 | Bought a potion of mutation for 112 gold pieces
110791 | Vaults:2 | Bought a potion of brilliance for 56 gold pieces
110791 | Vaults:2 | Bought a potion of haste for 140 gold pieces
110791 | Vaults:2 | Bought a potion of curing for 42 gold pieces
110791 | Vaults:2 | Bought a potion of curing for 42 gold pieces
110791 | Vaults:2 | Bought a potion of curing for 42 gold pieces
111108 | D:4      | Bought a potion of might for 52 gold pieces
111108 | D:4      | Bought a potion of mutation for 104 gold pieces
111108 | D:4      | Bought a potion of brilliance for 52 gold pieces
111108 | D:4      | Bought a potion of curing for 39 gold pieces
111108 | D:4      | Bought a potion of might for 52 gold pieces
111108 | D:4      | Bought a potion of heal wounds for 65 gold pieces
111108 | D:4      | Bought a potion of mutation for 104 gold pieces
111111 | D:4      | Lost mutation: You have an uncontrollable temper. [potion of mutation]
111111 | D:4      | Lost mutation: You often lose your temper in combat. [potion of mutation]
111111 | D:4      | Lost mutation: Your body often deteriorates upon taking damage. [potion of mutation]
111111 | D:4      | Gained mutation: You have a pair of small horns on your head. [potion of mutation]
111112 | D:4      | Lost mutation: You are very dopey. (Int -4) [potion of mutation]
111112 | D:4      | Lost mutation: You are very frail. (-20% HP) [potion of mutation]
111112 | D:4      | Lost mutation: You are dopey. (Int -2) [potion of mutation]
111112 | D:4      | Lost mutation: You are partially covered in large bone plates. (SH +4) [potion of mutation]
111112 | D:4      | Gained mutation: You evolve. [potion of mutation]
111113 | D:4      | Lost mutation: You tend to lose your temper in combat. [potion of mutation]
111113 | D:4      | Lost mutation: Your body sometimes deteriorates upon taking damage. [potion of mutation]
111113 | D:4      | Gained mutation: Your flesh is cold resistant. (rC+) [potion of mutation]
111114 | D:4      | Lost mutation: You are frail. (-10% HP) [potion of mutation]
111114 | D:4      | Lost mutation: You are often teleported next to monsters. [potion of mutation]
111114 | D:4      | Lost mutation: Armour fits poorly on your strangely shaped body. [potion of mutation]
111114 | D:4      | Lost mutation: Your spells are much easier to cast, but much less powerful. [potion of mutation]
111114 | D:4      | Gained mutation: Your mind is acute. (Int +2) [potion of mutation]
111115 | D:4      | Lost mutation: Scrolls take you much longer to read. [potion of mutation]
111115 | D:4      | Lost mutation: Scrolls take you longer to read. [potion of mutation]
111115 | D:4      | Lost mutation: You are very weak. (Str -4) [potion of mutation]
111115 | D:4      | Lost mutation: You are very clumsy. (Dex -4) [potion of mutation]
111115 | D:4      | Lost mutation: You are clumsy. (Dex -2) [potion of mutation]
111116 | D:4      | Lost mutation: You do not regenerate when monsters are visible. [potion of mutation]
111116 | D:4      | Lost mutation: You have a somewhat thin skeletal structure. (Dex +2, Stealth) [potion of mutation]
111116 | D:4      | Lost mutation: Your magical capacity is extremely low. (-30% MP) [potion of mutation]
111116 | D:4      | Lost mutation: You are weak. (Str -2) [potion of mutation]
111116 | D:4      | Lost mutation: Your mind is acute. (Int +2) [potion of mutation]
111116 | D:4      | Gained mutation: You expend magic power (3 MP) to strengthen your wands. [potion of mutation]
111117 | D:4      | Lost mutation: Potions cannot restore your health. [potion of mutation]
111117 | D:4      | Lost mutation: Scrolls take you a little longer to read. [potion of mutation]
111117 | D:4      | Lost mutation: You expend magic power (3 MP) to strengthen your wands. [potion of mutation]
111117 | D:4      | Lost mutation: You are sometimes teleported next to monsters. [potion of mutation]
111117 | D:4      | Gained mutation: You have large cloven feet. [potion of mutation]
111118 | D:4      | Lost mutation: You have a pair of small horns on your head. [potion of mutation]
111118 | D:4      | Lost mutation: Your flesh is cold resistant. (rC+) [potion of mutation]
111118 | D:4      | Lost mutation: Your spells are easier to cast, but less powerful. [potion of mutation]
111118 | D:4      | Lost mutation: You evolve. [potion of mutation]
111118 | D:4      | Gained mutation: You are dopey. (Int -2) [potion of mutation]
111118 | D:4      | Gained mutation: You are clumsy. (Dex -2) [potion of mutation]
111118 | D:4      | Lost mutation: You are dopey. (Int -2) [potion of mutation]
111818 | Tomb:2   | Noticed a greater mummy
111818 | Tomb:2   | Noticed a greater mummy
111818 | Tomb:2   | Noticed a greater mummy
111823 | Tomb:2   | Noticed a greater mummy
111831 | Tomb:2   | Killed a greater mummy
111842 | Tomb:2   | Killed a greater mummy
111864 | Tomb:2   | Killed a greater mummy
111877 | Tomb:2   | Killed a greater mummy
112150 | Tomb:2   | Gained mutation: You are very clumsy. (Dex -4) [a Zot trap]
112150 | Tomb:2   | Gained mutation: You occasionally shout uncontrollably at your foes. [a Zot trap]
112373 | Tomb:2   | Noticed Boris
112383 | Tomb:2   | Killed Boris
112458 | Tomb:3   | Entered Level 3 of the Tomb of the Ancients
112486 | Tomb:3   | Noticed a greater mummy
112487 | Tomb:3   | Noticed a greater mummy
112503 | Tomb:3   | Killed a greater mummy
112508 | Tomb:3   | Killed a greater mummy
112512 | Tomb:3   | Noticed a greater mummy
112519 | Tomb:3   | Noticed an ancient lich
112520 | Tomb:3   | Noticed a greater mummy
112533 | Tomb:3   | Killed an ancient lich
112533 | Tomb:3   | Reached skill level 27 in Fighting
112535 | Tomb:3   | Killed a greater mummy
112550 | Tomb:3   | Killed a greater mummy
112599 | Tomb:3   | Identified the Catalogue of the Blaze
112614 | Tomb:3   | Learned a level 6 spell: Deflect Missiles
112620 | Tomb:3   | Learned a level 5 spell: Iskenderun's Battlesphere
112664 | Tomb:3   | Identified the +7 swamp dragon scales of Ashenzari's Generosity {*Corrode rPois rC- MP+9 Dex+9} (You found it on level 3 of the Tomb of the Ancients)
112700 | Tomb:3   | Found the +10 Black Knight's horse barding {ponderous, rPois rN+}
113039 | Tomb:3   | Noticed a greater mummy
113062 | Tomb:3   | Killed a greater mummy
113079 | Tomb:3   | Noticed a greater mummy
113090 | Tomb:3   | Noticed a greater mummy
113093 | Tomb:3   | Killed a greater mummy
113136 | Tomb:3   | Killed a greater mummy
113198 | Tomb:3   | Got a golden rune of Zot
113229 | Tomb:3   | Noticed a greater mummy
113236 | Tomb:3   | Killed a greater mummy
113351 | Zig:1    | Entered Level 1 of a ziggurat
113375 | Zig:2    | Entered Level 2 of a ziggurat
113403 | Zig:3    | Entered Level 3 of a ziggurat
113436 | Zig:4    | Entered Level 4 of a ziggurat
113477 | Zig:5    | Entered Level 5 of a ziggurat
113560 | Zig:6    | Entered Level 6 of a ziggurat
113643 | Zig:7    | Entered Level 7 of a ziggurat
113647 | Zig:7    | Noticed Utah the pandemonium lord
113657 | Zig:7    | Killed Utah the pandemonium lord
113667 | Zig:7    | Found the +10 large shield of Ignorance {rN+ Int-4}
113699 | Zig:8    | Entered Level 8 of a ziggurat
113739 | Zig:8    | Identified the +9 mace "Riwio" {venom, Stlth+} (You found it on level 8 of a ziggurat)
113814 | Zig:9    | Entered Level 9 of a ziggurat
113829 | Zig:9    | Cast into level 3 of the Abyss (a deep elf demonologist)
113839 | Zig:9    | Escaped the Abyss
113902 | Zig:9    | Got a pitted marble ring
113903 | Zig:9    | Identified a ring of Weompom {Wiz Str+4 Dex+2} (You found it on level 9 of a ziggurat)
113916 | Zig:9    | Learned a level 3 spell: Portal Projectile
113925 | Zig:9    | Learned a level 8 spell: Controlled Blink
113929 | Zig:10   | Entered Level 10 of a ziggurat
113936 | Zig:10   | Noticed a greater mummy
113975 | Zig:10   | Killed a greater mummy
113995 | Zig:10   | Identified the +2 pair of gloves of Sin {rF+} (You acquired it on level 10 of a ziggurat)
114079 | Zig:11   | Entered Level 11 of a ziggurat
114087 | Zig:11   | Found the +3 robe of Folly {Archmagi, MR-- Int+5}
114159 | Zig:11   | Identified the ring of Yquum {rC+ Str+2 Int+4} (You found it on level 11 of a ziggurat)
114175 | Zig:12   | Entered Level 12 of a ziggurat
114260 | Zig:13   | Entered Level 13 of a ziggurat
114328 | Zig:13   | Identified Liytayla's Compendium of Congealing Transmigration
114343 | Zig:13   | Identified the +4 dire flail of Naumid {vamp, rPois} (You found it on level 13 of a ziggurat)
114352 | Zig:14   | Entered Level 14 of a ziggurat
114373 | Zig:14   | Reached skill level 15 in Translocations
114420 | Zig:14   | Identified the ring of Fun {rCorr *Contam MR+ Str+2 SInv} (You found it on level 14 of a ziggurat)
114528 | Zig:15   | Entered Level 15 of a ziggurat
114545 | Zig:15   | Noticed a greater mummy
114545 | Zig:15   | Noticed a greater mummy
114547 | Zig:15   | Noticed a greater mummy
114549 | Zig:15   | Killed a greater mummy
114550 | Zig:15   | Noticed a greater mummy
114557 | Zig:15   | Killed a greater mummy
114559 | Zig:15   | Killed a greater mummy
114567 | Zig:15   | Killed a greater mummy
114603 | Zig:15   | Identified Uhuv's Grimoire of Greatest Risks and Utility
114655 | Zig:15   | Identified the +6 plate armour of the Dice {Int-3 Dex+7} (You found it on level 15 of a ziggurat)
114658 | Zig:16   | Entered Level 16 of a ziggurat
114833 | Zig:16   | Lost mutation: Your magical capacity is very low. (-20% MP) [potion of mutation]
114833 | Zig:16   | Lost mutation: Your magical capacity is low. (-10% MP) [potion of mutation]
114833 | Zig:16   | Lost mutation: You are very clumsy. (Dex -4) [potion of mutation]
114833 | Zig:16   | Lost mutation: Your spells are a little easier to cast, but a little less powerful. [potion of mutation]
114833 | Zig:16   | Gained mutation: Your spells are a little easier to cast, but a little less powerful. [potion of mutation]
114833 | Zig:16   | Gained mutation: You are partially covered in large bone plates. (SH +4) [potion of mutation]
114834 | Zig:16   | Lost mutation: Potions are poor at restoring your health. [potion of mutation]
114834 | Zig:16   | Lost mutation: Your spells are a little easier to cast, but a little less powerful. [potion of mutation]
114834 | Zig:16   | Gained mutation: You have hoof-like feet. [potion of mutation]
114834 | Zig:16   | Gained mutation: You are resistant to hostile enchantments. (MR+) [potion of mutation]
114835 | Zig:16   | Lost mutation: You are partially covered in thin metallic scales. (AC +2) [potion of mutation]
114835 | Zig:16   | Lost mutation: You are resistant to hostile enchantments. (MR+) [potion of mutation]
114835 | Zig:16   | Gained mutation: Your magical capacity is low. (-10% MP) [potion of mutation]
114835 | Zig:16   | Gained mutation: You are weak. (Str -2) [potion of mutation]
114835 | Zig:16   | Lost mutation: You are clumsy. (Dex -2) [potion of mutation]
114836 | Zig:16   | Lost mutation: Your magical capacity is low. (-10% MP) [potion of mutation]
114836 | Zig:16   | Lost mutation: You are weak. (Str -2) [potion of mutation]
114836 | Zig:16   | Gained mutation: Your spells are a little harder to cast, but a little more powerful. [potion of mutation]
114836 | Zig:16   | Gained mutation: You have a pair of small horns on your head. [potion of mutation]
114837 | Zig:16   | Lost mutation: Potions are less effective at restoring your health. [potion of mutation]
114837 | Zig:16   | Lost mutation: You occasionally shout uncontrollably at your foes. [potion of mutation]
114837 | Zig:16   | Lost mutation: Your spells are a little harder to cast, but a little more powerful. [potion of mutation]
114837 | Zig:16   | Lost mutation: You have a pair of small horns on your head. [potion of mutation]
114837 | Zig:16   | Gained mutation: Scrolls take you a little longer to read. [potion of mutation]
114837 | Zig:16   | Gained mutation: You have hooves in place of feet. [potion of mutation]
114837 | Zig:16   | Gained mutation: You are partially covered in yellow scales. (AC +2) [potion of mutation]
114838 | Zig:16   | Lost mutation: You are partially covered in yellow scales. (AC +2) [potion of mutation]
114838 | Zig:16   | Gained mutation: Your magical capacity is low. (-10% MP) [potion of mutation]
114838 | Zig:16   | Lost mutation: Your magical capacity is low. (-10% MP) [potion of mutation]
114838 | Zig:16   | Gained mutation: Your flesh is heat resistant. (rF+) [potion of mutation]
114839 | Zig:16   | Lost mutation: Your flesh is heat resistant. (rF+) [potion of mutation]
114839 | Zig:16   | Lost mutation: Scrolls take you a little longer to read. [potion of mutation]
114839 | Zig:16   | Lost mutation: You have hooves in place of feet. [potion of mutation]
114839 | Zig:16   | Gained mutation: You expend magic power (3 MP) to strengthen your wands. [potion of mutation]
114839 | Zig:16   | Lost mutation: You have hoof-like feet. [potion of mutation]
114839 | Zig:16   | Gained mutation: You are partially covered in yellow scales. (AC +2) [potion of mutation]
114882 | Zig:17   | Entered Level 17 of a ziggurat
114882 | Zig:17   | Noticed iamserjio's ghost (legendary DsFE)
114916 | Zig:17   | Killed iamserjio's ghost
115018 | Zig:17   | Identified the Catalogue of Evil Rituals and Aid
115070 | Zig:18   | Entered Level 18 of a ziggurat
115090 | Zig:18   | Noticed Ycsafu the pandemonium lord
115091 | Zig:18   | Noticed Uzatrowe the pandemonium lord
115091 | Zig:18   | Noticed Yfastirae the pandemonium lord
115092 | Zig:18   | Noticed Jocang the pandemonium lord
115092 | Zig:18   | Noticed Kubuaxt the pandemonium lord
115092 | Zig:18   | Noticed Colule the pandemonium lord
115092 | Zig:18   | Noticed Agipp the pandemonium lord
115097 | Zig:18   | Killed Uzatrowe the pandemonium lord
115097 | Zig:18   | Killed Colule the pandemonium lord
115099 | Zig:18   | Killed Yfastirae the pandemonium lord
115099 | Zig:18   | Killed Ycsafu the pandemonium lord
115100 | Zig:18   | Killed Jocang the pandemonium lord
115103 | Zig:18   | Killed Kubuaxt the pandemonium lord
115111 | Zig:18   | Killed Agipp the pandemonium lord
115159 | Zig:19   | Entered Level 19 of a ziggurat
115326 | Zig:19   | Found the +3 pair of gauntlets of War {Slay+5}
115329 | Zig:19   | Found the +15 Maxwell's patent armour {-Cast -Tele rElec MR+ rCorr}
115363 | Zig:19   | Identified the Compendium of the Spheres
115371 | Zig:19   | Identified the Handbook of the Entourage
115382 | Zig:19   | Identified the amulet "Ixishu Doseo" {RegenMP rPois MR- Str+8 Int+4} (You found it on level 19 of a ziggurat)
115390 | Zig:19   | Learned a level 5 spell: Irradiate
115394 | Zig:20   | Entered Level 20 of a ziggurat
115447 | Zig:20   | Found the +8 trident of the Octopus King {venom, rElec rPois MR+}
115658 | Zig:21   | Entered Level 21 of a ziggurat
115692 | Zig:21   | Reached skill level 10 in Hexes
115777 | Zig:21   | Found the +0 sword of Power
115785 | Zig:21   | Got a translucent bronze ring
115786 | Zig:21   | Identified the ring of Ahunniom {*Corrode rC+ Str+4 Int+4 Dex+3} (You acquired it on level 21 of a ziggurat)
115802 | Zig:21   | Learned a level 8 spell: Discord
115804 | Zig:21   | Identified the +1 pair of boots of Boiling Hail {rC+ Int+4} (You found it on level 21 of a ziggurat)
115820 | Zig:21   | Got a slimy glass ring
115821 | Zig:21   | Identified the ring of the Evening {-Tele MR+++ MP+9 Int-2 Dex+5} (You found it on level 21 of a ziggurat)
115867 | Zig:22   | Entered Level 22 of a ziggurat
115964 | Zig:22   | Reached skill level 15 in Hexes
116229 | Zig:22   | Got a brightly glowing steel ring
116230 | Zig:22   | Identified the cursed ring of Wics {rC- Str+7 Dex-3} (You found it on level 22 of a ziggurat)
116251 | Zig:23   | Entered Level 23 of a ziggurat
116279 | Zig:23   | Found the +12 glaive of Prune {chop}
116583 | Zig:24   | Entered Level 24 of a ziggurat
116600 | Zig:24   | Found the +8 frozen axe "Frostbite" {freezing cloud, *Noise +Fly rC+}
116635 | Zig:24   | Identified the Almanac of the Thirteen Seas
116708 | Zig:25   | Entered Level 25 of a ziggurat
116830 | Zig:25   | Identified the Incunabulum of Mutagenic Enchantment
116832 | Zig:25   | Identified the Almanac of Beguiling
116868 | Zig:26   | Entered Level 26 of a ziggurat
116887 | Zig:26   | Noticed an ancient lich
116908 | Zig:26   | Killed an ancient lich
116925 | Zig:26   | Noticed an ancient lich
116948 | Zig:26   | Killed an ancient lich
116959 | Zig:26   | Found the amulet of the Four Winds {rN+ MR+++ Clar}
117115 | Zig:27   | Entered Level 27 of a ziggurat
117158 | Zig:27   | Was placed under penance by the Shining One
117279 | Zig:27   | Identified the Grimoire of Unstable Ignition
117309 | Zig:27   | Identified the ring "Waallug" {rElec rPois Str+4 Dex+4 Stlth-} (You found it on level 27 of a ziggurat)
117996 | Zot:1    | Entered Level 1 of the Realm of Zot
118257 | Zot:1    | Found the +4 arc blade {discharge, rElec}
118903 | Zot:2    | Was forgiven by the Shining One
119085 | Zot:2    | Upgraded the game from 0.22-a0-392-g5dc3fd9 to 0.22-a0-395-gfed312b
119299 | Zot:2    | Noticed 4thArraOfDagon's ghost (legendary TeAK)
119316 | Zot:2    | Killed 4thArraOfDagon's ghost
119460 | Zot:3    | Got a bound crystal amulet
119461 | Zot:3    | Identified the amulet of the Jolly Beggars {RegenMP rN+ Int-5 Slay+3} (You found it on level 3 of the Realm of Zot)
120688 | Zot:4    | Identified the Almanac of Contamination and Flight
121000 | Zot:5    | Entered Level 5 of the Realm of Zot
121290 | Zot:5    | Noticed an ancient lich
121292 | Zot:5    | Noticed an orb of fire
121293 | Zot:5    | Noticed an orb of fire
121296 | Zot:5    | Gained mutation: You are weak. (Str -2) [an orb of fire]
121299 | Zot:5    | Noticed an ancient lich
121301 | Zot:5    | Gained mutation: Your spells are a little easier to cast, but a little less powerful. [an orb of fire]
121304 | Zot:5    | Noticed an ancient lich
121306 | Zot:5    | Noticed an ancient lich
121306 | Zot:5    | Killed an orb of fire
121306 | Zot:5    | Killed an ancient lich
121307 | Zot:5    | Noticed an ancient lich
121308 | Zot:5    | Noticed an orb of fire
121311 | Zot:5    | Noticed an ancient lich
121311 | Zot:5    | Gained mutation: Your spells are easier to cast, but less powerful. [an orb of fire]
121313 | Zot:5    | Gained mutation: Potions are less effective at restoring your health. [an orb of fire]
121316 | Zot:5    | Killed an orb of fire
121321 | Zot:5    | Killed an ancient lich
121322 | Zot:5    | Killed an ancient lich
121322 | Zot:5    | Killed an ancient lich
121324 | Zot:5    | Noticed an ancient lich
121332 | Zot:5    | Gained mutation: You are frail. (-10% HP) [an orb of fire]
121333 | Zot:5    | Gained mutation: You are very frail. (-20% HP) [an orb of fire]
121333 | Zot:5    | Paralysed by an ancient lich for 6 turns
121335 | Zot:5    | Mangled by an Orb Guardian

Vault maps used:
D:1:      minmay_arrival_cross
D:2:      kennysheep_generic_room_8
D:3:      first_ration, grunt_ministairs_15, uniq_terence
D:4:      serial_shops, nicolae_shop_trees, nicolae_shop_stone,
          kennysheep_little_box, led_xom_imps, uniq_blork_the_orc
D:5:      minmay_misc_feat_hallway
D:6:      minmay_temple_entry_overgrown, minmay_misc_feat_roman,
          minmay_misc_feat_tower
D:8:      enter_ossuary_2, basic_altar, nicolae_tso_besieged_by_evil
D:9:      minitemple, grunt_ogre_cave
D:10:     enter_bailey_3, nicolae_zen_rock_garden, minmay_holes
D:11:     erik_lair_dragon
D:12:     hiddenorc1_lemuel, uniq_kirke, uniq_sonja
D:13:     hangedman_vaults_entry_quadrant_bands, serial_shops,
          nicolae_shop_stone
D:14:     nicolae_ru_path_of_blood, kennysheep_generic_room_12
D:15:     grunt_enter_depths_hoard, serial_shops, shop,
          roderic_cross_of_infinity, minmay_misc_feat_rugged
Temple:   regret_index_temple_chain_breaker
Lair:1:   lemuel_centaur_altar, uniq_nergalle, uniq_harold, uniq_prince_ribbit2
Lair:2:   nicolae_spider_entry_tight_spaces, minivault_25, serial_bayou_shore_a,
          uniq_gastronok
Lair:3:   grunt_megastairs_1, infiniplex_staircase_pool,
          minmay_lair_oklob_chamber, lemuel_fruit_tree, uniq_urug
Lair:4:   elwin_shoals_entry_stream, basic_altar
Lair:5:   minmay_slime_entry_jelly_boxes, grunt_forest_large_clearing_hut
Lair:6:   minmay_lair_end_enchanted_forest, serial_bayou_shore_b,
          grunt_megastairs_5
Shoals:1: nicolae_shoals_island_circles
Shoals:2: serial_shops, nicolae_shop_temple_entry_statues_fountains,
          st_sunken_huts, uniq_polyphemus
Shoals:3: uniq_louise
Shoals:4: shoals_end_hangedman, shoal_ilsuiw, serial_shops, shop, uniq_aizul
Spider:1: nicolae_looking_at_the_future
Spider:2: worms_lemuel
Spider:4: spider_rune_water, uniq_bai_suzhen
Orc:2:    grunt_orc_tribal_feast, uniq_rupert, uniq_josephine, uniq_erolcha
Elf:1:    eino_elf_arrival_customs, minmay_elf_necromancy
Elf:2:    minmay_shoptagon
Elf:3:    minmay_elf_hall_curves
Vaults:1: vaults_dpeg_doors, nicolae_vaults_network_quinsquares,
          hangedman_vaults_river_flow, nicolae_vaults_network_square,
          ontoclasm_vaults_ring_square, ontoclasm_vaults_eye, serial_ice_b,
          ontoclasm_vaults_decontamination, enter_trove_6
Vaults:2: v_rooms_3, grunt_vaults_swirl, ontoclasm_vaults_ring_small,
          ontoclasm_vaults_ring_large, grunt_vaults_trifunnel,
          vaults_room_mumra_shop_pool, v_misc_30, ontoclasm_vaults_water_temple,
          vaults_room_stairs_pillars, ontoclasm_vaults_hangar,
          hangedman_vaults_cutoff, hangedman_vaults_trim, serial_shops, shop,
          uniq_frederick, uniq_asterion
Vaults:3: blue_anna_dwarven_crypt, nicolae_vaults_network_quincunx,
          vaults_dpeg_ring, nicolae_vaults_branching_niches,
          vaults_room_octagon, vaults_room_stairs_pillars, vaults_room_boxed,
          v_misc_22, serial_ice_g, ontoclasm_vaults_pinch, v_rooms_5, v_misc_10,
          nicolae_vaults_network_periphery, nicolae_vaults_little_squares_6,
          serial_shops, nicolae_shop_crystal, nicolae_shop_crystal,
          nicolae_shop_overgrown_old_shop
Vaults:4: v_misc_27, nicolae_vaults_asterisk, vaults_room_large_hall,
          hangedman_vaults_trim, v_alt_pattern_4, nicolae_vaults_network_star,
          vaults_room_fours, ontoclasm_vaults_fault,
          nicolae_vaults_little_squares_2, v_misc_30, nicolae_vaults_little_ls,
          dpeg_vaults_monster_box, nicolae_vaults_specimen_jars, serial_shops,
          nicolae_shop_statue_plus
Crypt:1:  gammafunk_its_a_trap, grunt_crypt_arrival_webbed,
          roderic_lattice_octagonal_star
Crypt:2:  basic_altar, hangedman_summoners_spam, uniq_mara
Crypt:3:  quadcrypt_mu, uniq_saint_roka
Tomb:2:   uniq_boris
Depths:1: minmay_fractal_lines_corner, serial_sigils,
          serial_sigils_hangedman_gnaw, serial_sigils_hangedman_gut,
          serial_sigils_hangedman_etch, serial_sigils_hangedman_scratch,
          serial_sigils_hangedman_writhe, serial_sigils_hangedman_stare,
          serial_shops, nicolae_shop_window_shopping, pf_hell_entry_tar_spiral,
          kennysheep_four_rooms
Depths:2: minmay_the_grid_octo_tiled_octocenter, enter_ziggurat_d,
          grunt_hell_horde, abyss_entry_flame_altar, serial_bayou_ford_a
Depths:3: minmay_spriggan_fort, rand_demon_pan_entry_8,
          corexii_leaking_fountain, grunt_hell_entry_dis_old,
          serial_sigils_hangedman_confine, uniq_jory
Depths:4: kennysheep_treasure_stockpile, hell_entry, abyss_entry,
          hangedman_decor_opposing, kennysheep_big_empty_room,
          water_maze_lemuel, infiniplex_staircase_zigzag_3
Depths:5: grunt_zot_entry_gee_three, minivault_14, hell_entry
Dis:3:    grunt_deathspiral_small
Dis:4:    grunt_dis_stairs_iron_hall
Dis:5:    lemuel_dis_dragons
Dis:7:    dis_grunt_layers
Geh:4:    minmay_firetagon, grunt_megastairs_4
Geh:5:    lemuel_elevator
Geh:7:    evilmike_geh
Coc:5:    special_room
Coc:7:    coc_old
Tar:2:    grunt_megastairs_2, lemuel_elevator
Tar:5:    nicolae_tar_cuneiform_to_be
Tar:7:    tar_grunt_cathedral
Zot:1:    st_single_dragon_hoard_2, hangedman_zot_spectrum
Zot:4:    minmay_elemental_castle
Abyss:1:  evilmike_abyss_exit_vortex
Abyss:3:  hangedman_abyss_theft, minivault_25_ag,
          due_evilmike_abyss_rune_seething_liches, evilmike_abyss_exit_14,
          hangedman_abyss_stitches_cave, guppyfry_abyss_exit_imp_island,
          hangedman_abyss_town, hangedman_grunt_abyss_rune_horror_hoard,
          minivault_20, small_statue_intersection,
          guppyfry_abyss_exit_glass_guarded, evilmike_abyss_exit_16,
          hangedman_classic_abyss_death, evilmike_abyss_exit_3
Abyss:4:  evilmike_abyss_exit_10, nicolae_abyss_rune_star_stuff
Abyss:5:  hangedman_decor_riveting, minivault_25,
          hangedman_abyss_rune_macabre_mess
Pan:      rand_demon_2, evilmike_mini_pan_corner, evilmike_mini_pan_corridor,
          nicolae_pan_cerebovesque_4, grunt_pan_sceptre, lom_lobon,
          pan_blood_fountain, cerebov, pan_blood_fountain, uniq_lom_lobon,
          evilmike_mini_pan_other_thingy, pan_blood_fountain_small,
          evilmike_mini_pan_thingy, evilmike_mini_pan_possible_glass,
          pan_captured_pigsty, pan_surprise, nicolae_pan_glass_arcs,
          nicolae_pan_gloorx_vloqian_4, reaverb_pan_chaos_star, mnoleg_st,
          pan_blood_fountain_small, evilmike_mini_pan_corridor, rand_demon_4,
          pan_blood_fountain_small, uniq_mennas_pan, evilmike_mini_pan_doors_b,
          evilmike_gloorx_vloq_box, grunt_pan_sceptre, uniq_mennas_pan,
          evilmike_mini_pan_pillars, pan_blood_fountain_small
Zig:1:    ziggurat_pillar_centre_c
Zig:5:    ziggurat_pillar_centre_smoke
Zig:14:   ziggurat_pillar_centre_oklobs
Zig:17:   ziggurat_pillar_centre_dead_trees
Zig:18:   ziggurat_pillar_centre_drop
Zig:21:   ziggurat_pillar_centre_more_plants
Ossuary:  ossuary_minmay_chase
Bailey:   bailey_polearm_1, bailey

Skill      XL: |  1  2  3  4  5  6  7  8  9 10 11 12 13 14 15 16 17 18 19 20 21 22 23 24 25 26 27 |
---------------+----------------------------------------------------------------------------------+-----
Fighting       | 2 3 4 6 8 9 11 12 13 15 16 17 18 19 27 | 27.0
Maces & Flails | 1 2 3 4 5 6 8 9 10 12 13 14 15 16 17 18 22 | 22.3
Invocations    | 2 5 7 10 12 14 16 17 18 19 20 21 27 | 27.0
Shields        | 6 9 12 14 15 16 17 18 27 | 27.0
Translocations | 9 22 | 22.9
Armour         | 1 9 12 13 14 15 16 24 | 24.3
Dodging        | 2 7 10 11 13 14 21 | 21.4
Throwing       | 8 12 | 12.5
Spellcasting   | 4 6 22 | 22.3
Crossbows      | 3 9 |  9.1
Charms         | 5 11 | 11.8
Air Magic      | 5 10 | 10.9
Hexes          | 20 | 20.4
Evocations     | 4 |  4.2
Conjurations   | 19 | 19.1
Earth Magic    | 16 | 16.3
Summonings     | 19 | 19.0
Stealth        | 19 | 19.6
Fire Magic     | 4 |  4.8
Short Blades   | |  0.8

Action                   |  1- 3 |  4- 6 |  7- 9 | 10-12 | 13-15 | 16-18 | 19-21 | 22-24 | 25-27 || total
-------------------------+-------+-------+-------+-------+-------+-------+-------+-------+-------++-------
Melee: Short sword       |    25 |       |       |       |       |       |       |       |       ||    25
       Mace              |    88 |   159 |       |       |       |       |       |       |       ||   247
       Flail             |       |    71 |   472 |   535 |   411 |       |       |       |       ||  1489
       Unarmed           |       |       |       |     8 |       |       |       |       |       ||     8
       Eveningstar       |       |       |       |       |   863 |       |  1580 |  1393 | 15956 || 19792
       Morningstar       |       |       |       |       |   245 |  1614 |   657 |   333 |       ||  2849
 Fire: Hand crossbow     |       |       |       |       |       |       |       |    50 |       ||    50
Throw: Javelin           |       |       |       |       |     1 |    28 |     3 |    12 |    98 ||   142
 Cast: Blink             |       |       |       |       |     2 |     4 |       |     1 |    27 ||    34
       Apportation       |       |       |       |       |       |       |     1 |     1 |    12 ||    14
       Lesser Beckoning  |       |       |       |       |       |       |       |     1 |       ||     1
       Spellforged Servi |       |       |       |       |       |       |       |       |    52 ||    52
       Discord           |       |       |       |       |       |       |       |       |    14 ||    14
       Deflect Missiles  |       |       |       |       |       |       |       |       |    11 ||    11
       Irradiate         |       |       |       |       |       |       |       |       |     8 ||     8
       Controlled Blink  |       |       |       |       |       |       |       |       |     6 ||     6
       Summon Butterflie |       |       |       |       |       |       |       |       |     2 ||     2
       Lehudib's Crystal |       |       |       |       |       |       |       |       |     1 ||     1
       Iskenderun's Batt |       |       |       |       |       |       |       |       |     1 ||     1
Invok: Divine Shield     |       |       |       |    10 |    31 |    23 |    18 |    15 |   101 ||   198
       Cleansing Flame   |       |       |       |     2 |    11 |    27 |    18 |    34 |   285 ||   377
       Summon Divine War |       |       |       |       |       |     1 |       |     1 |    33 ||    35
       Brand Weapon With |       |       |       |       |       |       |       |     1 |       ||     1
 Abil: Stop Flying       |       |       |       |       |     1 |     2 |     1 |     2 |    10 ||    16
       Fly               |       |       |       |       |       |     3 |       |     2 |     5 ||    10
Evoke: Wand              |       |     5 |     9 |    46 |    17 |     6 |     1 |     3 |    28 ||   115
       Figurine of a zig |       |       |       |       |       |       |       |       |     1 ||     1
  Use: Scroll            |     5 |     9 |     9 |    19 |    16 |     9 |    10 |    14 |   107 ||   198
       Potion            |       |     5 |     1 |     3 |     8 |     2 |     1 |     2 |    85 ||   107
 Stab: Sleeping          |       |     2 |       |       |       |       |       |       |       ||     2
       Paralysed         |       |     6 |       |       |       |       |       |       |       ||     6
  Eat: Chunk             |     2 |     6 |     9 |     5 |    20 |    17 |    26 |     9 |    26 ||   120
       Ration            |       |     1 |     1 |     7 |     6 |     9 |     6 |     8 |    80 ||   118
Armor: Leather armour    |    60 |   110 |   247 |    63 |       |       |       |       |       ||   480
       Steam dragon scal |       |       |       |   163 |   632 |   197 |       |       |       ||   992
       Gold dragon scale |       |       |       |       |       |   909 |   815 |   987 |  1999 ||  4710
       Troll leather arm |       |       |       |       |       |       |       |       |  2215 ||  2215
Dodge: Dodged            |    83 |   147 |   285 |   184 |   353 |   245 |   276 |   558 |  6527 ||  8658
       Deflected         |       |       |       |       |       |       |       |       |    85 ||    85
Block: Other             |       |       |       |    25 |       |       |       |       |       ||    25
       Large shield      |       |       |       |   310 |  1934 |  2572 |  2539 |  2386 | 23854 || 33595
       Reflection        |       |       |       |       |       |   111 |    84 |       |       ||   195

Table legend:
 A = Spawn XP
 B = Non-spawn XP
 C = Spawn XP percentage of total XP
 D = Spawn monster count
 E = Non-spawn monster count
 F = Spawn count percentage of total count
 G = Total turns spent on level
                    A         B        C        D         E        F      G
               +---------+---------+-------+---------+---------+-------+---------
         Total |  196180 | 5317258 |   3.6 |     315 |    7262 |   4.2 | 121335
               +---------+---------+-------+---------+---------+-------+---------
           D:1 |       0 |      29 |   0.0 |       0 |      17 |   0.0 |   731
           D:2 |       0 |      79 |   0.0 |       0 |      28 |   0.0 |  1986
           D:3 |       0 |     142 |   0.0 |       0 |      24 |   0.0 |   933
           D:4 |       0 |     643 |   0.0 |       0 |      16 |   0.0 |  1438
           D:5 |       0 |     216 |   0.0 |       0 |      11 |   0.0 |   665
           D:6 |       0 |     978 |   0.0 |       0 |      24 |   0.0 |   715
           D:7 |       0 |    1087 |   0.0 |       0 |      18 |   0.0 |   830
           D:8 |       0 |     916 |   0.0 |       0 |      38 |   0.0 |   688
           D:9 |       0 |    4501 |   0.0 |       0 |      35 |   0.0 |   832
          D:10 |       0 |    3240 |   0.0 |       0 |      22 |   0.0 |   688
          D:11 |       0 |    5407 |   0.0 |       0 |      19 |   0.0 |  1544
          D:12 |       0 |    5717 |   0.0 |       0 |      30 |   0.0 |  2079
          D:13 |       0 |   13416 |   0.0 |       0 |      41 |   0.0 |  1154
          D:14 |       0 |   12133 |   0.0 |       0 |      36 |   0.0 |   973
          D:15 |       0 |   13339 |   0.0 |       0 |      31 |   0.0 |  1229
        Lair:1 |       0 |    8675 |   0.0 |       0 |      30 |   0.0 |  1411
        Lair:2 |       0 |    7949 |   0.0 |       0 |      24 |   0.0 |  1969
        Lair:3 |       0 |    5360 |   0.0 |       0 |      16 |   0.0 |  1179
        Lair:4 |       0 |    8636 |   0.0 |       0 |      35 |   0.0 |  1528
        Lair:5 |       0 |    8828 |   0.0 |       0 |      39 |   0.0 |  1284
        Lair:6 |       0 |   24945 |   0.0 |       0 |      94 |   0.0 |  1479
      Shoals:1 |       0 |   19129 |   0.0 |       0 |      38 |   0.0 |   814
      Shoals:2 |       0 |   25296 |   0.0 |       0 |      46 |   0.0 |  1165
      Shoals:3 |     768 |   12903 |   5.6 |       1 |      28 |   3.4 |  1253
      Shoals:4 |       0 |   44910 |   0.0 |       0 |      68 |   0.0 |  1871
      Spider:1 |       0 |   16349 |   0.0 |       0 |      55 |   0.0 |  1115
      Spider:2 |       0 |   15305 |   0.0 |       0 |      59 |   0.0 |  1106
      Spider:3 |       0 |   18885 |   0.0 |       0 |      54 |   0.0 |  2171
      Spider:4 |       0 |   30516 |   0.0 |       0 |      63 |   0.0 |  1180
       Slime:1 |       0 |   12438 |   0.0 |       0 |      28 |   0.0 |   586
       Slime:2 |       0 |   25584 |   0.0 |       0 |      32 |   0.0 |   845
       Slime:3 |       0 |   14252 |   0.0 |       0 |      21 |   0.0 |   666
       Slime:4 |       0 |   16395 |   0.0 |       0 |      34 |   0.0 |   603
       Slime:5 |       0 |   44936 |   0.0 |       0 |      44 |   0.0 |   851
         Orc:1 |       0 |    1947 |   0.0 |       0 |      32 |   0.0 |   705
         Orc:2 |       0 |   19327 |   0.0 |       0 |      88 |   0.0 |  1821
         Elf:1 |       0 |   15026 |   0.0 |       0 |      27 |   0.0 |   906
         Elf:2 |       0 |   29448 |   0.0 |       0 |      39 |   0.0 |   970
         Elf:3 |       0 |   63371 |   0.0 |       0 |      62 |   0.0 |  1317
      Vaults:1 |       0 |   26627 |   0.0 |       0 |      58 |   0.0 |  1938
      Vaults:2 |       0 |   51433 |   0.0 |       0 |      79 |   0.0 |  2658
      Vaults:3 |       0 |   61606 |   0.0 |       0 |      82 |   0.0 |  2763
      Vaults:4 |       0 |   67207 |   0.0 |       0 |      98 |   0.0 |  2651
      Vaults:5 |       0 |  145887 |   0.0 |       0 |     113 |   0.0 |  1647
       Crypt:1 |       0 |   29744 |   0.0 |       0 |      51 |   0.0 |   920
       Crypt:2 |       0 |   42377 |   0.0 |       0 |      52 |   0.0 |   905
       Crypt:3 |       0 |   74963 |   0.0 |       0 |      85 |   0.0 |  2247
        Tomb:1 |       0 |   68014 |   0.0 |       0 |      70 |   0.0 |  1291
        Tomb:2 |       0 |   59680 |   0.0 |       0 |      71 |   0.0 |   684
        Tomb:3 |       0 |   99592 |   0.0 |       0 |      89 |   0.0 |   919
      Depths:1 |       0 |   35722 |   0.0 |       0 |      45 |   0.0 |  1620
      Depths:2 |       0 |   82577 |   0.0 |       0 |      79 |   0.0 |  1794
      Depths:3 |       0 |   43979 |   0.0 |       0 |      66 |   0.0 |  1302
      Depths:4 |       0 |   48178 |   0.0 |       0 |      47 |   0.0 |  1660
      Depths:5 |       0 |   66125 |   0.0 |       0 |      59 |   0.0 |  1942
          Hell |       0 |   71250 |   0.0 |       0 |      86 |   0.0 |   808
         Dis:1 |       0 |   32215 |   0.0 |       0 |      82 |   0.0 |   739
         Dis:2 |       0 |   35008 |   0.0 |       0 |      74 |   0.0 |   586
         Dis:3 |       0 |   57763 |   0.0 |       0 |     111 |   0.0 |  1019
         Dis:4 |       0 |   58693 |   0.0 |       0 |     115 |   0.0 |   688
         Dis:5 |       0 |   64363 |   0.0 |       0 |     101 |   0.0 |   944
         Dis:6 |       0 |   19620 |   0.0 |       0 |      31 |   0.0 |   405
         Dis:7 |       0 |  176945 |   0.0 |       0 |     164 |   0.0 |  2159
         Geh:1 |       0 |   51425 |   0.0 |       0 |      88 |   0.0 |   946
         Geh:2 |       0 |   65425 |   0.0 |       0 |     114 |   0.0 |  1282
         Geh:3 |       0 |   75550 |   0.0 |       0 |     146 |   0.0 |  1364
         Geh:4 |       0 |   75794 |   0.0 |       0 |     124 |   0.0 |  1062
         Geh:5 |       0 |   55448 |   0.0 |       0 |     115 |   0.0 |  1135
         Geh:6 |       0 |   34922 |   0.0 |       0 |      54 |   0.0 |   678
         Geh:7 |       0 |  118957 |   0.0 |       0 |     124 |   0.0 |  1576
         Coc:1 |       0 |   25724 |   0.0 |       0 |      61 |   0.0 |   525
         Coc:2 |       0 |   33903 |   0.0 |       0 |      29 |   0.0 |   530
         Coc:3 |       0 |   30416 |   0.0 |       0 |      54 |   0.0 |   493
         Coc:4 |       0 |   35116 |   0.0 |       0 |      55 |   0.0 |   714
         Coc:5 |       0 |   33183 |   0.0 |       0 |      74 |   0.0 |   435
         Coc:6 |       0 |   56611 |   0.0 |       0 |      81 |   0.0 |   654
         Coc:7 |       0 |  134911 |   0.0 |       0 |     133 |   0.0 |  1191
         Tar:1 |       0 |   47653 |   0.0 |       0 |      53 |   0.0 |  1133
         Tar:2 |       0 |   88997 |   0.0 |       0 |     109 |   0.0 |  1475
         Tar:3 |       0 |  123215 |   0.0 |       0 |     163 |   0.0 |  1357
         Tar:4 |       0 |   29852 |   0.0 |       0 |      33 |   0.0 |   605
         Tar:5 |       0 |   76391 |   0.0 |       0 |      92 |   0.0 |  1285
         Tar:6 |       0 |   83340 |   0.0 |       0 |      97 |   0.0 |  1209
         Tar:7 |       0 |  167546 |   0.0 |       0 |     157 |   0.0 |  1483
         Zot:1 |       0 |   65581 |   0.0 |       0 |      59 |   0.0 |   866
         Zot:2 |       0 |   46718 |   0.0 |       0 |      30 |   0.0 |   501
         Zot:3 |       0 |   19792 |   0.0 |       0 |      20 |   0.0 |   345
         Zot:4 |       0 |   97880 |   0.0 |       0 |      63 |   0.0 |  1292
         Zot:5 |       0 |  112950 |   0.0 |       0 |      34 |   0.0 |   335
       Abyss:1 |    3612 |    2555 |  58.6 |       4 |       5 |  44.4 |   139
       Abyss:2 |   28105 |   28343 |  49.8 |      44 |      43 |  50.6 |  1304
       Abyss:3 |   55238 |   38821 |  58.7 |     111 |      78 |  58.7 |  1663
       Abyss:4 |   32321 |   29058 |  52.7 |      42 |      58 |  42.0 |   551
           Pan |   76136 |  297204 |  20.4 |     113 |     273 |  29.3 |  5885
         Zig:1 |       0 |    2782 |   0.0 |       0 |       5 |   0.0 |    56
         Zig:2 |       0 |    7904 |   0.0 |       0 |       4 |   0.0 |    56
         Zig:3 |       0 |    9328 |   0.0 |       0 |       9 |   0.0 |   149
         Zig:4 |       0 |    5131 |   0.0 |       0 |      14 |   0.0 |   114
         Zig:5 |       0 |    9480 |   0.0 |       0 |      13 |   0.0 |   171
         Zig:6 |       0 |   17418 |   0.0 |       0 |      18 |   0.0 |   147
         Zig:7 |       0 |   21038 |   0.0 |       0 |      25 |   0.0 |   113
         Zig:8 |       0 |   15916 |   0.0 |       0 |      33 |   0.0 |   224
         Zig:9 |       0 |   24929 |   0.0 |       0 |      31 |   0.0 |   211
        Zig:10 |       0 |   35365 |   0.0 |       0 |      36 |   0.0 |   310
        Zig:11 |       0 |   35618 |   0.0 |       0 |      39 |   0.0 |   401
        Zig:12 |       0 |   23721 |   0.0 |       0 |      55 |   0.0 |   174
        Zig:13 |       0 |   47708 |   0.0 |       0 |      62 |   0.0 |   232
        Zig:14 |       0 |   63879 |   0.0 |       0 |      74 |   0.0 |   851
        Zig:15 |       0 |   68051 |   0.0 |       0 |      76 |   0.0 |   317
        Zig:16 |       0 |   73389 |   0.0 |       0 |      65 |   0.0 |   528
        Zig:17 |       0 |   81476 |   0.0 |       0 |      85 |   0.0 |   618
        Zig:18 |       0 |   76171 |   0.0 |       0 |      39 |   0.0 |   126
        Zig:19 |       0 |   42987 |   0.0 |       0 |      46 |   0.0 |   235
        Zig:20 |       0 |   49839 |   0.0 |       0 |      56 |   0.0 |   264
        Zig:21 |       0 |   64376 |   0.0 |       0 |      42 |   0.0 |   209
        Zig:22 |       0 |   41140 |   0.0 |       0 |      69 |   0.0 |   384
        Zig:23 |       0 |   68550 |   0.0 |       0 |      47 |   0.0 |   332
        Zig:24 |       0 |   28558 |   0.0 |       0 |      71 |   0.0 |   125
        Zig:25 |       0 |   57026 |   0.0 |       0 |      61 |   0.0 |   160
        Zig:26 |       0 |   55033 |   0.0 |       0 |      61 |   0.0 |   247
        Zig:27 |       0 |   34975 |   0.0 |       0 |     124 |   0.0 |   202
       Ossuary |       0 |      81 |   0.0 |       0 |      21 |   0.0 |   151
        Bailey |       0 |     287 |   0.0 |       0 |       8 |   0.0 |   469
               +---------+---------+-------+---------+---------+-------+---------
